 Dungeon Crawl Stone Soup version 0.31-a0-210-gccc998df9b (webtiles) character file.

Game seed: 8688302273433588690

411250 qw the Slayer (level 23, -2/164 HPs)
             Began as a Gargoyle Fighter on June 30, 2023.
             Was a High Priest of Okawaru.
             Killed from afar by a red draconian scorcher (27 damage)
             ... with damnation
             ... on level 4 of the Depths.
             The game lasted 00:32:45 (49612 turns).

qw the Slayer (Gargoyle Fighter)                   Turns: 49612, Time: 00:32:45

Health: -2/164     AC: 60    Str: 46    XL:     23   Next: 51%
Magic:  30/30      EV: 11    Int: 15    God:    Okawaru [*****.]
Gold:   384        SH: 22    Dex:  4    Spells: 22/22 levels left

rFire   + . .        r - +7 war axe (spect)
rCold   + . .        K - +0 tower shield
rNeg    + . .        D - +6 plate armour {rF+}
rPois   inf          v - +1 helmet
rElec   +            E - +1 cloak "Qeetimm" {rPois}
rCorr   .            y - +2 pair of gloves {Stlth+}
SInv    .            C - +2 pair of boots of the Monkey {Will+ Str+7 Dex-4}
Will    ++...        n - amulet of the acrobat Stlth
                     c - ring "Hekink" {Str+5 Slay+4}
HPRegen 0.47/turn    p - ring "Norghat" {+Blink rC+ Str+6}
MPRegen 0.22/turn

%: acrobat
@: heroic, flying
A: sickness immunity, AC +17, big wings, negative energy resistance 1,
electricity resistance, torment resistance 1, petrification resistance, clever
1, screaming 1, subdued magic 1
}: 2/15 runes: decaying, serpentine
a: Renounce Religion, Evoke Blink, Heroism, Finesse, Duel


You were on level 4 of the Depths.
You worshipped Okawaru.
Okawaru was extremely pleased with you.
You visited 7 branches of the dungeon, and saw 38 of its levels.
You visited the Abyss 1 time.
You also visited: Ossuary and Gauntlet.

You collected 3877 gold pieces.
You spent 3493 gold pieces at shops.


Innate Abilities, Weirdness & Mutations

You are immune to sickness and miasma.
Your stone body is resilient. (AC +17)
You are immune to poison.
Your large and strong wings let you fly.
You resist negative energy. (rN+)
You are resistant to electric shocks. (rElec)
You are resistant to unholy torment.
You are immune to petrification.
Your mind is acute. (Int +4, Str/Dex -1)
You occasionally shout uncontrollably at your foes.
Your spells are a little easier to cast, but a little less powerful.


   Skills:
 + Level 22.9(27) Fighting
 - Level 16.0(21.0) Axes
 - Level 13.0(18.0) Throwing
 - Level 21.0(26.0) Armour
 - Level 4.2(9.2) Dodging
 - Level 21.6(26.6) Shields
 - Level 10.0 Invocations


You had 22 spell levels left.
You didn't know any spells.
Your spell library was empty.

Inventory:

Hand Weapons
 r - a +7 spectral war axe (weapon)
 B - a +3 broad axe of electrocution
Missiles
 l - 14 boomerangs
 u - 3 silver javelins
 A - 3 silver boomerangs
 G - 5 javelins (quivered)
Armour
 k - the -2 pair of gloves of Pan-Flutes {Harm rC+ Int+9 Dex-2}
   (Okawaru gifted it to you on level 5 of the Lair of Beasts)

   Int:       It affects your intelligence (+9).
   Dex:       It affects your dexterity (-2).
   rC:        It protects you from cold.
   Harm:      It increases damage dealt and taken.
 m - a +2 pair of gloves
 v - a +1 helmet (worn)
 w - +0 acid dragon scales
 x - +0 gold dragon scales
 y - a +2 pair of gloves of stealth (worn)
 C - the +2 pair of boots of the Monkey (worn) {Will+ Str+7 Dex-4}
   (Okawaru gifted it to you on level 1 of the Vaults)

   Str:       It affects your strength (+7).
   Dex:       It affects your dexterity (-4).
   Will:      It increases your willpower.
 D - a +6 plate armour of fire resistance (worn)
 E - the +1 cloak "Qeetimm" (worn) {rPois}
   (Okawaru gifted it to you on level 4 of the Swamp)

   rPois:     It protects you from poison.
 K - a +0 tower shield (worn)
Jewellery
 c - the ring "Hekink" (left hand) {Str+5 Slay+4}
   (You found it in a Gauntlet)

   [ring of slaying]

   Str:       It affects your strength (+5).
   Slay:      It affects your accuracy & damage with ranged weapons and melee
   (+4).
 h - a +5 ring of evasion
 n - an amulet of the acrobat (around neck)
 p - the ring "Norghat" (right hand) {+Blink rC+ Str+6}
   (You found it on level 5 of the Lair of Beasts)

   [ring of strength]

   Str:       It affects your strength (+6).
   rC:        It protects you from cold.
   +Blink:    It lets you blink.
 q - an amulet of guardian spirit
 H - a ring of resist corrosion
Wands
 F - a wand of digging (31)
Scrolls
 b - 4 scrolls of brand weapon
 j - 2 scrolls of identify
Potions
 a - a potion of resistance
 d - 10 potions of might
 e - 21 potions of curing
 f - 2 potions of cancellation
 g - 4 potions of magic
 i - 9 potions of attraction
 o - 6 potions of haste
 s - 6 potions of lignification
 t - 6 potions of mutation
 z - 9 potions of enlightenment

Dungeon Overview and Level Annotations

Branches:
Dungeon (15/15)            Temple (0/1) D:6            Lair (5/5) D:8
  Swamp (4/4) Lair:3        Snake (4/4) Lair:2        Slime (0/5) Lair:4
    Orc (2/2) D:10            Elf (0/3) Orc:2        Vaults (4/5) D:14
  Crypt (0/3) Vaults:3     Depths (4/4) D:15        Ossuary (visited)
Gauntlet (visited)
    Zot: Depths:4

Altars:
Ashenzari
Cheibriados
Dithmenos
Elyvilon
Fedhas
Gozag
Kikubaaqudgha
Nemelex Xobeh
Okawaru
Qazlal
Trog
Uskayaw
Vehumet
Wu Jian
Xom
Yredelemnul

Shops:
D:4 !   D:13 (   Orc:1 ((   Orc:2 ***!(   Snake:2 !?   Vaults:2 !   Vaults:3 *
Depths:4 =:=**

Portals:
Hell: Depths:1 Depths:2 Depths:3
Abyss: Depths:3
Pandemonium: Depths:1 Depths:2
Ziggurat: Depths:4
Trove: D:14 (give 8 scrolls of blinking)

Annotations:
Snake:3 3 runed translucent doors, Siddir's ghost, journeyman MiBe
Vaults:2 1 runed translucent door, qw's ghost, adept GrFi
Depths:2 exclusions: 2 neqoxecs, 2 red devils, smoke demon and ynoxinul
Depths:3 2 transporters, qw's ghost, veteran GrFi
Depths:4 3 runed translucent doors, Plog's ghost, adept DgCj


Message History

You slash the green draconian monk!
Your +7 spectral war axe hits the red draconian!
Your +7 spectral war axe hits the green draconian monk.
Your +7 spectral war axe hits the green draconian monk!!
Your +7 spectral war axe hits the red draconian!!
You kill the red draconian!
Okawaru accepts your kill. The green draconian monk hits you.
You block the green draconian monk's attack.
The green draconian monk tail-slaps you but does no damage. x2
You carve the green draconian monk like a ham!!!
You kill the green draconian monk!
Okawaru accepts your kill.
Your +7 spectral war axe disappears.
You hear a roar! x2
Enter note:
Enter note:
Enter note:
Enter note:
Enter note:
Enter note:
Enter note:
Enter note:
Enter note:
Enter note:
Enter note:
Enter note:
Enter note:
Enter note:
Enter note:
Enter note:
Enter note:
Enter note: You miss the green draconian monk.
Your +7 spectral war axe closely misses the green draconian monk.
The green draconian monk breathes poison at you.
The blast of poison misses you.
The red draconian scorcher casts a spell at you.
The sphere of damnation explodes!
The damnation engulfs you!!
You die...

....###.....#
####.....#'########
#.#.# #[....+
...#.....#.#.......
#.#.# #.....#
#..#.....#...#####.
....# ##+####
#..+.:...+...# #.
#'######.#
#.##.....##### #+
.......#.######¤###'####
...
.......#....)0¤00.....##
...
)P¤¤¤¤....¤.¤0¤0(q......
.¤¤.
~~¤¤~~¤~~~~~¤~0¤@¤~¤...~
¤~¤~
¤~~~¤~¤~¤~¤~¤¤¤¤¤¤¤d...~
¤~~~
~~#####¤~~~~~~¤~¤~¤¤.[.~
~~
¤~#.d.#.¤¤....dqqq¤..¤¤.
..
~~#.dd#############''d'
~~###'# .... ~~~.#.# ...
~~~.# ~¤~.#


You could see 2 draconians, a purple draconian, a white draconian, a red
draconian scorcher and a friendly +7 spectral war axe.

Vanquished Creatures
  2 juggernauts (Depths:4)
  Sojobo (Vaults:2)
  Saint Roka (Snake:2)
  Vashnia (Snake:2)
  Nikola (Snake:2)
  4 golden dragons
  Jorgrun (Orc:2)
  2 tentacled monstrosities (Depths:4)
  A lich (Depths:2)
  Asterion (Snake:3)
  Mlioglotl (Snake:1)
  A quicksilver dragon (Depths:4)
  2 tentacled starspawn (Abyss:2)
  An Executioner (Abyss:2)
  3 sphinxes
  2 tengu reavers (Vaults:2)
  6 shadow dragons
  A thorn hunter (Swamp:4)
  4 draconian monks (Depths:4)
  2 nagarajas
  2 fire giants
  3 storm dragons (Depths:4)
  A fenstrider witch (Swamp:2)
  3 frost giants
  Aizul (Snake:1)
  A deep elf sorcerer (Vaults:3)
  An iron dragon (Depths:2)
  7 vault wardens
  Louise (Swamp:3)
  A spectral juggernaut (Depths:2)
  2 ghouls (Swamp:1)
  13 ironbound preservers
  2 cacodemons (Depths:2)
  5 ironbound thunderhulks
  15 very ugly things
  2 spriggan defenders
  A caustic shrike skeleton (Abyss:2)
  6 stone giants
  8 eleionomae
  A war gargoyle (Vaults:3)
  2 vampire knights
  A minotaur (Gauntlet)
  A black draconian (Depths:4)
  3 spark wasps (Depths:1)
  2 bunyips (Swamp:3)
  A red draconian (Depths:4)
  Azrael (Snake:2)
  4 dire elephants (Vaults:1)
  An eidolon (Abyss:2)
  2 white draconians (Depths:4)
  6 ettins
  3 deep elf death magi
  2 green deaths (Swamp:4)
  2 crystal guardians (Vaults:2)
  10 fire dragons
  6 great orbs of eyes
  A merfolk impaler (Depths:1)
  2 entropy weavers
  2 rakshasas
  5 yaktaur captains
  3 spriggan air magi
  8 ice dragons
  4 shambling mangroves
  3 vault guards
  A ghost crab (Swamp:4)
  7 ironbound frosthearts
  3 peacekeepers
  20 hydras
  A merfolk avatar (Lair:5)
  A death knight (Depths:2)
  16 anacondas
  5 salamander tyrants (Snake:4)
  3 catoblepae
  4 ogre magi (Orc:2)
  4 alligators
  2 hell beasts (Swamp:4)
  22 two-headed ogres
  3 boulder beetles
  8 centaur warriors
  9 deep troll shamans
  12 tengu warriors
  14 death yaks
  16 naga warriors
  3 vampire magi
  3 deep troll earth magi
  3 spriggan berserkers
  Urug (D:12)
  A demonic crawler (Abyss:2)
  12 shock serpents
  14 naga sharpshooters
  17 hell knights
  Nergalle (D:12)
  13 skeletal warriors
  A soul eater (Depths:2)
  A shock serpent (shapeshifter) (Depths:3)
  A sixfirhy (Depths:2)
  2 skysharks
  Amaemon (Lair:1)
  5 iron trolls
  7 salamander mystics
  2 shadow wraiths (Depths:2)
  A golden dragon zombie (Depths:2)
  3 death drakes
  5 goliath frogs
  4 spriggan druids
  9 sea snakes (Snake:3)
  2 flayed ghosts
  4 glowing orange brains
  65 deep trolls
  6 swamp dragons
  7 naga ritualists
  15 ironbound convokers
  A spectral iron dragon (Depths:2)
  7 bog bodies
  5 starcursed masses (Abyss:2)
  11 wizards
  A golden dragon skeleton (Abyss:2)
  A phantasmal warrior (Vaults:3)
  15 lindwurms
  An obsidian statue (Vaults:1)
  7 necromancers
  5 harpies
  An orc knight (D:10)
  4 wolf spider zombies
  4 cyclopes
  A stone giant zombie (Vaults:4)
  40 ugly things
  A frost giant zombie (Depths:2)
  An orc sorcerer (D:10)
  11 will-o-the-wisps
  19 mana vipers
  An elephant (shapeshifter) (Vaults:3)
  4 manticores
  A worldbinder (Gauntlet)
  Maurice (D:9)
  5 guardian serpents
  27 salamanders
  18 vault sentinels
  4 elephants
  A guardian serpent (shapeshifter) (Depths:1)
  A tengu skeleton (Depths:2)
  34 black mambas
  A gargoyle (D:12)
  7 naga magi
  9 large abominations
  22 cane toads
  Maggie (D:7)
  2 centaur skeletons (D:7)
  An unseen horror (shapeshifter) (D:10)
  4 orange demons
  3 unseen horrors
  An elf zombie (Vaults:4)
  8 rime drakes
  12 komodo dragons
  A freezing wraith (D:10)
  26 yaktaurs
  A redback zombie (D:15)
  2 efreet
  A minotaur zombie (Gauntlet)
  4 tengu conjurers
  A harpy zombie (D:15)
  An ancient zyme (Abyss:2)
  2 bloated husks
  4 polar bears
  11 tyrant leeches
  5 hellwings
  2 trolls
  2 meliai
  A tarantella (shapeshifter) (D:14)
  34 hornets
  18 blink frogs
  27 slime creatures
  A jumping spider (Vaults:3)
  3 centaur simulacra
  A slime creature (shapeshifter) (Vaults:2)
  21 spriggans
  5 water elementals
  12 wyverns
  2 ynoxinuls (Abyss:2)
  3 wraiths
  6 shadows
  31 yaks
  A vampire (D:15)
  6 fire elementals (Snake:2)
  3 steam dragons
  Eustachio (D:6)
  A human (D:8)
  4 basilisks
  4 hogs (D:8)
  2 redbacks (Vaults:3)
  5 fire bats
  A redback (shapeshifter) (Depths:3)
  28 vampire mosquitoes
  5 chaos spawn (Depths:3)
  12 swamp worms
  A glowing shapeshifter zombie (Vaults:4)
  A neqoxec (Depths:2)
  A warg (Orc:1)
  3 acid dragons
  Edmund (D:5)
  36 nagas
  A hell hound (Snake:2)
  15 water moccasins
  A sky beast (D:7)
  3 swamp drakes (Swamp:2)
  A meliai simulacrum (D:10)
  20 orc warriors
  An ice beast (D:7)
  28 wolves
  3 black bears
  3 boggarts (Gauntlet)
  A tengu (shapeshifter) (Depths:4)
  A centaur (shapeshifter) (Depths:2)
  21 ogres
  6 centaurs
  A kobold brigand (D:9)
  A phantom (D:6)
  2 gnoll sergeants
  3 scorpions (D:5)
  11 bullfrogs
  A necrophage (Swamp:1)
  3 wights (D:7)
  9 small abominations
  A troll zombie (Ossuary)
  21 killer bees
  9 howler monkeys
  7 electric eels
  8 lava snakes
  8 centaur zombies
  9 jellies
  4 hounds
  14 orc priests
  3 sleepcaps
  2 gnoll boudas
  A boggart zombie (D:7)
  4 iguanas
  26 orc wizards
  5 hell rats (D:14)
  4 ogre zombies
  7 mummies (Ossuary)
  19 gnolls
  12 adders
  5 shadow imps
  2 white imps
  3 ufetubi
  6 adder zombies (Ossuary)
  3 worms
  A dart slug (D:1)
  64 orcs
  15 ball pythons
  24 endoplasms
  10 giant cockroaches
  2 gnoll zombies (Ossuary)
  8 goblins
  10 hobgoblins
  2 jackals (D:1)
  3 quokkas
  3 training dummies (Orc:1)
  8 bats
  3 frilled lizards
  6 goblin zombies
  2 hobgoblin zombies (Ossuary)
  8 kobolds
  2 kobold zombies (Ossuary)
  3 quokka zombies (Ossuary)
  3 rats
  6 rat zombies
1699 creatures vanquished.

Vanquished Creatures (others)
  30 foxfires
  65 spectral weapons
  2 starspawn tentacles (Abyss:2)
97 creatures vanquished.

Grand Total: 1796 creatures vanquished

Notes
Turn   | Place    | Note
-------+----------+-------------------------------------------
     0 | D:1      | qw the Gargoyle Fighter began the quest for the Orb.
     0 | D:1      | Reached XP level 1. HP: 14/14 MP: 1/1
     0 | D:1      | 0 ||| qw: Version: 0.3-a-24-ga2abf7b
     0 | D:1      | 0 ||| qw: Game counter: 7144
     0 | D:1      | 0 ||| qw: Melee chars always use a shield: true
     0 | D:1      | 0 ||| qw: God list: Okawaru
     0 | D:1      | 0 ||| qw: Allow faded altars: false
     0 | D:1      | 0 ||| qw: Do Orc after clearing Dungeon:15 true
     0 | D:1      | 0 ||| qw: Do second Lair branch before Depths: true
     0 | D:1      | 0 ||| qw: Lair rune preference: random
     0 | D:1      | 0 ||| qw: Goals: Normal, Zot:1-4, Slime:5, God:TSO, Crypt,
                  | Tomb, Abyss, Pan, Hells, Win
     0 | D:1      | 0 ||| PLANNING D:1-11
    83 | D:1      | 83 ||| Stepping ~*~*~tactically~*~*~ (hiding).
   127 | D:1      | Reached XP level 2. HP: 19/19 MP: 2/2
   127 | D:1      | 127 ||| Stepping ~*~*~tactically~*~*~ (hiding).
   129 | D:1      | 129 ||| Stepping ~*~*~tactically~*~*~ (stealth).
   134 | D:1      | Found a faded altar of an unknown god.
   150 | D:1      | 150 ||| Stepping ~*~*~tactically~*~*~ (stealth).
   301 | D:1      | Reached skill level 3 in Axes
   314 | D:1      | Reached XP level 3. HP: 23/23 MP: 3/3
   855 | D:1      | 855 ||| READING scroll labelled JIAV ROEDEPRU.
   856 | D:1      | 856 ||| READING scroll labelled ITUMUE GEYM JAP.
   859 | D:1      | 859 ||| READING scroll labelled KOADA GUCS.
   859 | D:1      | Identified a scroll of acquirement
   859 | D:1      | 859 ||| ACQUIRING +3 war axe of electrocution
   859 | D:1      | Acquired a +3 war axe of electrocution
   861 | D:1      | 861 ||| SWAPPING to +3 war axe of electrocution.
   862 | D:1      | 862 ||| DROPPING +0 war axe.
   863 | D:1      | 863 ||| READING scroll labelled MICISI HEIKK.
  1301 | D:2      | Reached skill level 1 in Throwing
  1301 | D:2      | Reached XP level 4. HP: 28/28 MP: 4/4
  1532 | D:2      | 1532 ||| DROPPING scarf of harm.
  1533 | D:2      | 1533 ||| UPGRADING to +0 pair of gloves.
  1538 | D:2      | 1538 ||| UPGRADING to +6 ring of strength.
  1539 | D:2      | 1539 ||| READING scroll labelled TOESOR CAL ZEFF.
  1540 | D:2      | 1540 ||| READING scroll labelled GAMMYFF UTEPO.
  1541 | D:2      | 1541 ||| READING scroll labelled HAKHLU PIMONUAFUCO.
  1542 | D:2      | 1542 ||| READING scroll labelled RONAAC WUSMAD.
  1750 | D:3      | 1750 ||| Stepping ~*~*~tactically~*~*~ (stealth).
  1932 | D:3      | 1932 ||| DRINKING 2 fizzy green potions.
  1933 | D:3      | 1933 ||| READING 2 scrolls of identify.
  1933 | D:3      | 1933 ||| IDENTIFYING bubbling cyan potion
  1972 | D:4      | 1972 ||| STAIRDANCE
  1976 | D:4      | 1976 ||| STAIRDANCE
  1980 | D:4      | 1980 ||| STAIRDANCE
  1984 | D:4      | 1984 ||| STAIRDANCE
  1988 | D:4      | 1988 ||| STAIRDANCE
  1992 | D:4      | 1992 ||| STAIRDANCE
  1996 | D:4      | 1996 ||| STAIRDANCE
  2000 | D:4      | 2000 ||| STAIRDANCE
  2004 | D:4      | 2004 ||| STAIRDANCE
  2008 | D:4      | 2008 ||| STAIRDANCE
  2012 | D:4      | 2012 ||| STAIRDANCE
  2016 | D:4      | 2016 ||| STAIRDANCE
  2020 | D:4      | 2020 ||| STAIRDANCE
  2024 | D:4      | 2024 ||| STAIRDANCE
  2028 | D:4      | 2028 ||| STAIRDANCE
  2032 | D:4      | 2032 ||| STAIRDANCE
  2036 | D:4      | 2036 ||| STAIRDANCE
  2040 | D:4      | 2040 ||| STAIRDANCE
  2044 | D:4      | 2044 ||| STAIRDANCE
  2048 | D:4      | 2048 ||| STAIRDANCE
  2195 | D:3      | Reached XP level 5. HP: 31/32 MP: 5/5
  2199 | D:3      | 2199 ||| DROPPING +0 club.
  2561 | D:4      | Reached skill level 1 in Dodging
  2561 | D:4      | Reached XP level 6. HP: 37/37 MP: 6/6
  2570 | D:4      | 2570 ||| Stepping ~*~*~tactically~*~*~ (stealth).
  2581 | D:4      | 2581 ||| Stepping ~*~*~tactically~*~*~ (stealth).
  2600 | D:4      | 2600 ||| Stepping ~*~*~tactically~*~*~ (stealth).
  2651 | D:4      | 2651 ||| Stepping ~*~*~tactically~*~*~ (stealth).
  2652 | D:4      | 2652 ||| Stepping ~*~*~tactically~*~*~ (stealth).
  2807 | D:4      | Found Xol Isu's Distillery.
  2814 | D:4      | 2814 ||| BUYING potion of attraction (39 gold).
  2814 | D:4      | Bought a potion of attraction for 39 gold pieces
  2814 | D:4      | 2814 ||| BUYING potion of curing (39 gold).
  2814 | D:4      | Bought a potion of curing for 39 gold pieces
  2814 | D:4      | 2814 ||| BUYING potion of curing (39 gold).
  2814 | D:4      | Bought a potion of curing for 39 gold pieces
  2814 | D:4      | 2814 ||| SHOPLISTING potion of haste (130 gold, have 29).
  2814 | D:4      | 2814 ||| SHOPLISTING potion of heal wounds (65 gold, have
                  | 29).
  2814 | D:4      | 2814 ||| SHOPLISTING potion of magic (104 gold, have 29).
  2923 | D:4      | Found an iron altar of Okawaru.
  2924 | D:4      | 2924 ||| PLANNING OKAWARU WORSHIP
  2924 | D:4      | 2924 ||| UPGRADING to +0 cloak.
  2929 | D:4      | 2929 ||| READING scroll labelled HOOMEJYPUO.
  2930 | D:4      | 2930 ||| READING scroll labelled IRRIFO AWAMAV.
  2931 | D:4      | 2931 ||| READING scroll labelled REMUYB LEOLU.
  2932 | D:4      | 2932 ||| READING scroll labelled PUIGRO NIULUUCH.
  2933 | D:4      | Found a shimmering altar of Xom.
  2938 | D:4      | Became a worshipper of Warmaster Okawaru
  2939 | D:4      | 2939 ||| PLANNING D:1-11
  3121 | D:5      | Entered Level 5 of the Dungeon
  3122 | D:5      | 3122 ||| Stepping ~*~*~tactically~*~*~ (hiding).
  3135 | D:5      | 3135 ||| STAIRDANCE
  3137 | D:4      | HP: 1/38 [gnoll/+0 halberd (11)]
  3139 | D:4      | Reached skill level 4 in Fighting
  3291 | D:5      | 3291 ||| DROPPING +0 whip.
  3442 | D:5      | 3442 ||| Stepping ~*~*~tactically~*~*~ (stealth).
  3447 | D:5      | Reached skill level 6 in Axes
  3447 | D:5      | Reached XP level 7. HP: 37/43 MP: 7/7
  3482 | D:5      | 3482 ||| Stepping ~*~*~tactically~*~*~ (stealth).
  3486 | D:5      | 3486 ||| READING scroll labelled PIN TUROFE.
  3494 | D:5      | Reached * piety under Okawaru
  3714 | D:5      | 3714 ||| Stepping ~*~*~tactically~*~*~ (hiding).
  3715 | D:5      | 3715 ||| Stepping ~*~*~tactically~*~*~ (hiding).
  3717 | D:5      | 3717 ||| Stepping ~*~*~tactically~*~*~ (hiding).
  3718 | D:5      | 3718 ||| Stepping ~*~*~tactically~*~*~ (hiding).
  3720 | D:5      | 3720 ||| INVOKING Heroism.
  3736 | D:5      | 3736 ||| INVOKING Heroism.
  3755 | D:5      | 3755 ||| FLEEEEING.
  3756 | D:5      | 3756 ||| FLEEEEING.
  3758 | D:5      | 3758 ||| FLEEEEING.
  3760 | D:5      | 3760 ||| FLEEEEING.
  3761 | D:5      | 3761 ||| FLEEEEING.
  3762 | D:5      | 3762 ||| FLEEEEING.
  3763 | D:5      | 3763 ||| FLEEEEING.
  3764 | D:5      | 3764 ||| FLEEEEING.
  3765 | D:5      | 3765 ||| STAIRDANCE
  3829 | D:4      | 3829 ||| READING scroll labelled SONEPAICRA.
  3859 | D:5      | 3859 ||| Stepping ~*~*~tactically~*~*~ (water).
  3862 | D:5      | Noticed Edmund
  3863 | D:5      | 3863 ||| INVOKING Heroism.
  3864 | D:5      | 3864 ||| INVOKING Heroism.
  3865 | D:5      | 3865 ||| Stepping ~*~*~tactically~*~*~ (water).
  3879 | D:5      | Killed Edmund
  3880 | D:5      | Reached skill level 5 in Fighting
  3880 | D:5      | Reached XP level 8. HP: 49/49 MP: 6/8
  3892 | D:5      | 3892 ||| INVOKING Heroism.
  3893 | D:5      | 3893 ||| Stepping ~*~*~tactically~*~*~ (water).
  4068 | D:5      | Reached skill level 1 in Invocations
  4384 | D:5      | 4384 ||| UPGRADING to +0 chain mail.
  4394 | D:5      | 4394 ||| DROPPING +0 scale mail.
  4395 | D:5      | 4395 ||| READING scroll labelled JUWKODD VIYMM.
  4428 | D:5      | 4428 ||| DRINKING 2 coppery potions.
  4428 | D:5      | Gained mutation: Your mind is acute. (Int +4, Str/Dex -1)
                  | [potion of mutation]
  4428 | D:5      | Gained mutation: Your spells are a little easier to cast,
                  | but a little less powerful. [potion of mutation]
  4457 | D:6      | 4457 ||| PLANNING OSSUARY
  4513 | D:6      | Noticed Eustachio
  4514 | D:6      | 4514 ||| INVOKING Heroism.
  4561 | D:6      | Killed Eustachio
  4616 | D:6      | 4616 ||| Invisibility monster not found???
  4668 | D:6      | 4668 ||| INVOKING Heroism.
  4701 | D:6      | Found a staircase to the Ecumenical Temple.
  4768 | D:6      | 4768 ||| INVOKING Heroism.
  4856 | D:6      | Found a sand-covered staircase.
  4857 | D:6      | 4857 ||| READING 3 scrolls of identify.
  4857 | D:6      | 4857 ||| IDENTIFYING metallic green potion
  4858 | D:6      | 4858 ||| READING 2 scrolls of identify.
  4858 | D:6      | 4858 ||| IDENTIFYING brown potion
  4859 | D:6      | 4859 ||| DROPPING potion of brilliance.
  4869 | Ossuary  | Entered an ossuary
  4965 | Ossuary  | Reached skill level 3 in Invocations
  5079 | Ossuary  | Reached XP level 9. HP: 55/55 MP: 11/11
  5088 | Ossuary  | Reached skill level 6 in Fighting
  5171 | Ossuary  | 5171 ||| Stepping ~*~*~tactically~*~*~ (stealth).
  5335 | Ossuary  | 5335 ||| READING scroll labelled LATHRI XYNOCLAU.
  5336 | Ossuary  | 5336 ||| READING scroll labelled MEYNTU JUWU.
  5337 | Ossuary  | 5337 ||| DRINKING 2 murky emerald potions.
  5374 | Ossuary  | 5374 ||| READING 4 scrolls of identify.
  5374 | Ossuary  | 5374 ||| IDENTIFYING fizzy dark potion
  5375 | Ossuary  | 5375 ||| READING 3 scrolls of identify.
  5375 | Ossuary  | 5375 ||| IDENTIFYING bubbling sapphire potion
  5376 | Ossuary  | 5376 ||| READING 2 scrolls of identify.
  5376 | Ossuary  | 5376 ||| IDENTIFYING lumpy cyan potion
  5377 | Ossuary  | 5377 ||| DROPPING potion of degeneration.
  5378 | Ossuary  | 5378 ||| DROPPING potion of ambrosia.
  5389 | D:6      | 5389 ||| PLANNING D:1-11
  5508 | D:6      | 5508 ||| FLEEEEING.
  5612 | D:6      | Found a sparkling altar of Nemelex Xobeh.
  5655 | D:6      | 5655 ||| INVOKING Heroism.
  5675 | D:6      | Reached skill level 9 in Axes
  5687 | D:6      | 5687 ||| INVOKING Heroism.
  6063 | D:6      | 6063 ||| READING 2 scrolls of identify.
  6063 | D:6      | 6063 ||| IDENTIFYING emerald potion
  6122 | D:7      | 6122 ||| Stepping ~*~*~tactically~*~*~ (hiding).
  6125 | D:7      | 6125 ||| DRINKING 4 potions of curing.
  6125 | D:7      | 6125 ||| (to cure confusion)
  6127 | D:7      | 6127 ||| INVOKING Heroism.
  6133 | D:7      | 6133 ||| Stepping ~*~*~tactically~*~*~ (hiding).
  6134 | D:7      | 6134 ||| Stepping ~*~*~tactically~*~*~ (hiding).
  6136 | D:7      | 6136 ||| Stepping ~*~*~tactically~*~*~ (stealth).
  6146 | D:7      | 6146 ||| INVOKING Heroism.
  6162 | D:7      | Reached skill level 7 in Fighting
  6317 | D:7      | Noticed a hellwing
  6317 | D:7      | Noticed Maggie
  6322 | D:7      | 6322 ||| INVOKING Heroism.
  6323 | D:7      | Reached ** piety under Okawaru
  6324 | D:7      | Reached XP level 10. HP: 34/63 MP: 10/13
  6326 | D:7      | Killed Maggie
  6326 | D:7      | Reached *** piety under Okawaru
  6330 | D:7      | Reached skill level 8 in Fighting
  6330 | D:7      | Reached **** piety under Okawaru
  6331 | D:7      | 6331 ||| FLEEEEING.
  6332 | D:7      | 6332 ||| FLEEEEING.
  6333 | D:7      | 6333 ||| FLEEEEING.
  6334 | D:7      | 6334 ||| FLEEEEING.
  6335 | D:7      | 6335 ||| FLEEEEING.
  6336 | D:7      | 6336 ||| FLEEEEING.
  6337 | D:7      | 6337 ||| FLEEEEING.
  6338 | D:7      | 6338 ||| FLEEEEING.
  6339 | D:7      | 6339 ||| FLEEEEING.
  6340 | D:7      | 6340 ||| FLEEEEING.
  6341 | D:7      | 6341 ||| FLEEEEING.
  6342 | D:7      | 6342 ||| FLEEEEING.
  6344 | D:7      | 6344 ||| FLEEEEING.
  6345 | D:7      | 6345 ||| FLEEEEING.
  6346 | D:7      | 6346 ||| FLEEEEING.
  6347 | D:7      | 6347 ||| FLEEEEING.
  6348 | D:7      | 6348 ||| FLEEEEING.
  6349 | D:7      | 6349 ||| FLEEEEING.
  6350 | D:7      | 6350 ||| STAIRDANCE
  6450 | D:6      | 6450 ||| UPGRADING to +1 hat.
  6464 | D:7      | Reached skill level 3 in Throwing
  6512 | D:7      | 6512 ||| FLEEEEING.
  6513 | D:7      | 6513 ||| FLEEEEING.
  6514 | D:7      | 6514 ||| FLEEEEING.
  6515 | D:7      | 6515 ||| FLEEEEING.
  6516 | D:7      | 6516 ||| FLEEEEING.
  6517 | D:7      | 6517 ||| FLEEEEING.
  6518 | D:7      | 6518 ||| FLEEEEING.
  6519 | D:7      | 6519 ||| FLEEEEING.
  6520 | D:7      | 6520 ||| FLEEEEING.
  6521 | D:7      | 6521 ||| FLEEEEING.
  6526 | D:7      | 6526 ||| FLEEEEING.
  6527 | D:7      | 6527 ||| FLEEEEING.
  6528 | D:7      | 6528 ||| FLEEEEING.
  6529 | D:7      | 6529 ||| FLEEEEING.
  6530 | D:7      | 6530 ||| STAIRDANCE
  6586 | D:7      | 6586 ||| INVOKING Heroism.
  6783 | D:7      | Found a snail-covered altar of Cheibriados.
  6851 | D:7      | Found a shadowy altar of Dithmenos.
  6851 | D:7      | Found an ornate altar of the Wu Jian Council.
  6931 | D:8      | 6931 ||| Stepping ~*~*~tactically~*~*~ (stealth).
  6934 | D:8      | Found a flagged portal.
  7007 | D:8      | Received a gift from Okawaru
  7097 | D:8      | 7097 ||| READING scroll of enchant weapon.
  7097 | D:8      | 7097 ||| ENCHANTING +3 spectral war axe.
  7200 | D:8      | Found a staircase to the Lair.
  7256 | D:8      | Reached skill level 6 in Invocations
  7256 | D:8      | Reached XP level 11. HP: 68/68 MP: 15/15
  7276 | D:8      | 7276 ||| FLEEEEING.
  7277 | D:8      | 7277 ||| FLEEEEING.
  7278 | D:8      | 7278 ||| FLEEEEING.
  7279 | D:8      | 7279 ||| FLEEEEING.
  7280 | D:8      | 7280 ||| FLEEEEING.
  7282 | D:8      | 7282 ||| FLEEEEING.
  7283 | D:8      | 7283 ||| FLEEEEING.
  7284 | D:8      | 7284 ||| FLEEEEING.
  7285 | D:8      | 7285 ||| FLEEEEING.
  7286 | D:8      | 7286 ||| FLEEEEING.
  7287 | D:8      | 7287 ||| FLEEEEING.
  7288 | D:8      | 7288 ||| FLEEEEING.
  7361 | D:8      | 7361 ||| Stepping ~*~*~tactically~*~*~ (stealth).
  7376 | D:8      | 7376 ||| INVOKING Heroism.
  7749 | D:8      | 7749 ||| PLANNING LAIR
  7749 | D:8      | 7749 ||| DRINKING 2 sedimented emerald potions.
  7854 | D:8      | 7854 ||| DROPPING potion of berserk rage.
  7892 | Lair:1   | Entered Level 1 of the Lair of Beasts
  7914 | Lair:1   | 7914 ||| INVOKING Heroism.
  7929 | Lair:1   | Noticed Amaemon
  7936 | Lair:1   | Killed Amaemon
  7938 | Lair:1   | 7938 ||| FLEEEEING.
  7939 | Lair:1   | 7939 ||| FLEEEEING.
  7940 | Lair:1   | 7940 ||| FLEEEEING.
  7941 | Lair:1   | 7941 ||| FLEEEEING.
  7942 | Lair:1   | 7942 ||| FLEEEEING.
  7943 | Lair:1   | 7943 ||| FLEEEEING.
  7944 | Lair:1   | 7944 ||| FLEEEEING.
  7945 | Lair:1   | 7945 ||| FLEEEEING.
  7946 | Lair:1   | 7946 ||| FLEEEEING.
  7947 | Lair:1   | 7947 ||| FLEEEEING.
  7948 | Lair:1   | 7948 ||| FLEEEEING.
  7949 | Lair:1   | 7949 ||| FLEEEEING.
  7950 | Lair:1   | 7950 ||| FLEEEEING.
  7951 | Lair:1   | 7951 ||| STAIRDANCE
  7998 | Lair:1   | 7998 ||| STAIRDANCE
  8052 | Lair:1   | 8052 ||| STAIRDANCE
  8054 | D:8      | 8054 ||| INVOKING Heroism.
  8221 | Lair:1   | 8221 ||| INVOKING Heroism.
  8222 | Lair:1   | Received a gift from Okawaru
  8303 | Lair:1   | Reached skill level 9 in Fighting
  8306 | Lair:1   | Reached ***** piety under Okawaru
  8364 | Lair:1   | 8364 ||| Stepping ~*~*~tactically~*~*~ (stealth).
  8491 | Lair:1   | 8491 ||| INVOKING Heroism.
  8501 | Lair:1   | Reached skill level 9 in Invocations
  8512 | Lair:1   | Reached XP level 12. HP: 54/76 MP: 17/19
  8632 | Lair:1   | 8632 ||| INVOKING Heroism.
  8900 | Lair:1   | 8900 ||| FLEEEEING.
  8901 | Lair:1   | 8901 ||| FLEEEEING.
  8902 | Lair:1   | 8902 ||| FLEEEEING.
  8903 | Lair:1   | 8903 ||| FLEEEEING.
  8904 | Lair:1   | 8904 ||| FLEEEEING.
  8905 | Lair:1   | 8905 ||| FLEEEEING.
  8906 | Lair:1   | 8906 ||| FLEEEEING.
  8907 | Lair:1   | 8907 ||| FLEEEEING.
  8908 | Lair:1   | 8908 ||| FLEEEEING.
  8909 | Lair:1   | 8909 ||| FLEEEEING.
  8915 | Lair:1   | 8915 ||| INVOKING Heroism.
  9054 | Lair:1   | 9054 ||| DROPPING +1 hat of stealth.
  9055 | Lair:1   | 9055 ||| UPGRADING to +6 ring of dexterity.
  9096 | Lair:2   | Reached skill level 3 in Dodging
  9119 | Lair:2   | 9119 ||| FLEEEEING.
  9125 | Lair:2   | 9125 ||| STAIRDANCE
  9168 | Lair:2   | 9168 ||| Stepping ~*~*~tactically~*~*~ (stealth).
  9173 | Lair:2   | 9173 ||| Stepping ~*~*~tactically~*~*~ (stealth).
  9286 | Lair:2   | Noticed a seven-headed hydra
  9287 | Lair:2   | 9287 ||| Stepping ~*~*~tactically~*~*~ (stealth).
  9288 | Lair:2   | 9288 ||| INVOKING Heroism.
  9289 | Lair:2   | 9289 ||| INVOKING Finesse.
  9293 | Lair:2   | Reached skill level 12 in Axes
  9295 | Lair:2   | 9295 ||| SWAPPING to -1 demon whip of venom.
  9304 | Lair:2   | Killed a seven-headed hydra
  9305 | Lair:2   | 9305 ||| SWAPPING to +4 spectral war axe.
  9307 | Lair:2   | Reached skill level 6 in Shields
  9361 | Lair:2   | Identified the +8 sling of the Old World {heavy, rC+ Will+
                  | Str+2 SInv}
  9494 | Lair:2   | 9494 ||| INVOKING Heroism.
  9498 | Lair:2   | Reached skill level 10 in Fighting
  9630 | Lair:2   | 9630 ||| Stepping ~*~*~tactically~*~*~ (stealth).
  9632 | Lair:2   | 9632 ||| Stepping ~*~*~tactically~*~*~ (hiding).
  9634 | Lair:2   | 9634 ||| Stepping ~*~*~tactically~*~*~ (hiding).
  9752 | Lair:2   | 9752 ||| Stepping ~*~*~tactically~*~*~ (stealth).
  9766 | Lair:2   | 9766 ||| INVOKING Heroism.
  9901 | Lair:2   | 9901 ||| Stepping ~*~*~tactically~*~*~ (stealth).
  9903 | Lair:2   | 9903 ||| Stepping ~*~*~tactically~*~*~ (stealth).
 10112 | Lair:2   | 10112 ||| INVOKING Heroism.
 10210 | Lair:2   | 10210 ||| Stepping ~*~*~tactically~*~*~ (stealth).
 10212 | Lair:2   | Found a staircase to the Snake Pit.
 10218 | Lair:2   | 10218 ||| INVOKING Heroism.
 10225 | Lair:2   | 10225 ||| FLEEEEING.
 10226 | Lair:2   | 10226 ||| FLEEEEING.
 10227 | Lair:2   | 10227 ||| FLEEEEING.
 10228 | Lair:2   | 10228 ||| FLEEEEING.
 10229 | Lair:2   | 10229 ||| FLEEEEING.
 10482 | Lair:2   | Noticed an eight-headed hydra
 10483 | Lair:2   | 10483 ||| INVOKING Heroism.
 10484 | Lair:2   | 10484 ||| SWAPPING to -1 demon whip of venom.
 10485 | Lair:2   | 10485 ||| INVOKING Finesse.
 10494 | Lair:2   | Killed an eight-headed hydra
 10495 | Lair:2   | 10495 ||| SWAPPING to +4 spectral war axe.
 10496 | Lair:2   | Noticed a catoblepas
 10505 | Lair:2   | Killed a catoblepas
 10505 | Lair:2   | Received a gift from Okawaru
 10508 | Lair:2   | Noticed a death yak
 10509 | Lair:2   | Reached XP level 13. HP: 46/82 MP: 13/20
 10671 | Lair:2   | Identified the staff "Newtslayer" {Dex+5 Earth}
 10672 | Lair:2   | Identified the +3 spear "Onyn" {freeze, Will+}
 10694 | Lair:2   | 10694 ||| UPGRADING to +0 helmet.
 10704 | Lair:2   | 10704 ||| DROPPING +1 hat.
 10812 | Lair:3   | 10812 ||| INVOKING Heroism.
 10901 | Lair:3   | 10901 ||| INVOKING Heroism.
 11058 | Lair:3   | Found a staircase to the Swamp.
 11059 | Lair:3   | 11059 ||| Stepping ~*~*~tactically~*~*~ (hiding).
 11068 | Lair:3   | 11068 ||| INVOKING Heroism.
 11148 | Lair:3   | 11148 ||| Stepping ~*~*~tactically~*~*~ (hiding).
 11149 | Lair:3   | 11149 ||| Stepping ~*~*~tactically~*~*~ (hiding).
 11150 | Lair:3   | 11150 ||| Stepping ~*~*~tactically~*~*~ (hiding).
 12049 | Lair:4   | 12049 ||| INVOKING Heroism.
 12269 | Lair:4   | Found a staircase to the Slime Pits.
 12359 | Lair:4   | Identified the +0 robe of the Sturgeon {-Tele Harm rElec
                  | Will++}
 12419 | Lair:4   | Reached skill level 11 in Fighting
 12595 | Lair:4   | 12595 ||| UPGRADING to +1 chain mail of willpower.
 12605 | Lair:4   | 12605 ||| DROPPING +0 chain mail.
 12606 | Lair:4   | 12606 ||| UPGRADING to +0 plate armour.
 12616 | Lair:4   | 12616 ||| DROPPING +1 chain mail of willpower.
 12617 | Lair:4   | 12617 ||| DROPPING ring of wizardry.
 12618 | Lair:4   | 12618 ||| READING 2 scrolls of identify.
 12618 | Lair:4   | 12618 ||| IDENTIFYING yellow potion
 12646 | Lair:5   | Entered Level 5 of the Lair of Beasts
 12679 | Lair:5   | 12679 ||| INVOKING Heroism.
 12681 | Lair:5   | 12681 ||| INVOKING Finesse.
 12692 | Lair:5   | 12692 ||| SWAPPING to -1 demon whip of venom.
 12706 | Lair:5   | Reached skill level 9 in Armour
 12711 | Lair:5   | HP: 19/84 [blink frog (10)]
 12712 | Lair:5   | 12712 ||| DRINKING potion of heal wounds.
 12718 | Lair:5   | 12718 ||| SWAPPING to +4 spectral war axe.
 12728 | Lair:5   | Received a gift from Okawaru
 12780 | Lair:5   | 12780 ||| INVOKING Heroism.
 12842 | Lair:5   | 12842 ||| FLEEEEING.
 12843 | Lair:5   | 12843 ||| FLEEEEING.
 12844 | Lair:5   | 12844 ||| FLEEEEING.
 12845 | Lair:5   | 12845 ||| FLEEEEING.
 12892 | Lair:5   | 12892 ||| INVOKING Heroism.
 12964 | Lair:5   | 12964 ||| Stepping ~*~*~tactically~*~*~ (stealth).
 12966 | Lair:5   | 12966 ||| INVOKING Heroism.
 12967 | Lair:5   | 12967 ||| INVOKING Finesse.
 12983 | Lair:5   | Identified the -2 pair of gloves of Pan-Flutes {Harm rC+
                  | Int+9 Dex-2} (Okawaru gifted it to you on level 5 of the
                  | Lair of Beasts)
 12983 | Lair:5   | Received a gift from Okawaru
 12997 | Lair:5   | Gained mutation: Your large and strong wings let you fly.
                  | [Gargoyle growth]
 12997 | Lair:5   | Reached XP level 14. HP: 72/90 MP: 15/21
 13006 | Lair:5   | Reached skill level 15 in Axes
 13090 | Lair:5   | Identified the +8 hand axe of Moderation {venom, rN+}
 13096 | Lair:5   | 13096 ||| Stepping ~*~*~tactically~*~*~ (cloud).
 13186 | Lair:5   | 13186 ||| INVOKING Heroism.
 13191 | Lair:5   | 13191 ||| INVOKING Finesse.
 13286 | Lair:5   | 13286 ||| READING scroll of enchant armour.
 13286 | Lair:5   | 13286 ||| ENCHANTING +0 pair of gloves.
 13310 | Lair:5   | 13310 ||| Stepping ~*~*~tactically~*~*~ (hiding).
 13663 | Lair:5   | 13663 ||| INVOKING Heroism.
 13664 | Lair:5   | 13664 ||| INVOKING Finesse.
 13723 | Lair:5   | Identified the +3 demon trident of Puezot {freeze, rPois}
 13726 | Lair:5   | Identified the ring "Norghat" {+Blink rC+ Str+6}
 14073 | Lair:5   | 14073 ||| PLANNING D:1-11
 14073 | Lair:5   | 14073 ||| UPGRADING to +2 pair of gloves of stealth.
 14083 | Lair:5   | 14083 ||| DROPPING +1 pair of gloves.
 14084 | Lair:5   | 14084 ||| UPGRADING to ring "Norghat" {+Blink rC+ Str+6}.
 14086 | Lair:5   | 14086 ||| UPGRADING to +6 ring of strength.
 14088 | Lair:5   | 14088 ||| DROPPING +6 ring of dexterity.
 14089 | Lair:5   | 14089 ||| READING 2 scrolls of identify.
 14089 | Lair:5   | 14089 ||| IDENTIFYING fuming red potion
 14266 | D:9      | 14266 ||| READING scroll of enchant armour.
 14266 | D:9      | 14266 ||| ENCHANTING +0 helmet.
 14307 | D:9      | Noticed Maurice
 14308 | D:9      | 14308 ||| Stepping ~*~*~tactically~*~*~ (hiding).
 14312 | D:9      | 14312 ||| DRINKING 3 potions of curing.
 14312 | D:9      | 14312 ||| (to cure confusion)
 14317 | D:9      | Killed Maurice
 14506 | D:9      | 14506 ||| INVOKING Heroism.
 14700 | D:9      | Found a hide-covered altar of Uskayaw.
 14901 | D:9      | 14901 ||| UPGRADING to +1 plate armour of fire resistance.
 14911 | D:9      | 14911 ||| DROPPING +0 plate armour.
 14923 | D:10     | Entered Level 10 of the Dungeon
 15047 | D:10     | 15047 ||| Stepping ~*~*~tactically~*~*~ (stealth).
 15048 | D:10     | 15048 ||| Stepping ~*~*~tactically~*~*~ (stealth).
 15127 | D:10     | Reached skill level 12 in Fighting
 15157 | D:10     | Found a staircase to the Orcish Mines.
 15257 | D:10     | 15257 ||| DROPPING +2 flail of draining.
 15258 | D:10     | 15258 ||| DROPPING +0 flail.
 15259 | D:10     | 15259 ||| READING scroll of enchant armour.
 15259 | D:10     | 15259 ||| ENCHANTING +1 plate armour of fire resistance.
 15271 | D:10     | 15271 ||| Stepping ~*~*~tactically~*~*~ (hiding).
 15272 | D:10     | 15272 ||| Stepping ~*~*~tactically~*~*~ (hiding).
 15282 | D:10     | 15282 ||| Stepping ~*~*~tactically~*~*~ (stealth).
 15422 | D:10     | 15422 ||| INVOKING Heroism.
 15519 | D:10     | 15519 ||| Stepping ~*~*~tactically~*~*~ (stealth).
 15525 | D:10     | 15525 ||| Stepping ~*~*~tactically~*~*~ (stealth).
 15533 | D:10     | Identified the +5 falchion "Hell-Harrower" {elec, MP+9}
 15541 | D:10     | Identified the +8 dagger "Usmeunip" {heavy, rElec rF++ rN+}
 15541 | D:10     | Identified the staff of the Keeping Asp {rElec rCorr Str-2
                  | Dex+2 Air}
 15565 | D:10     | Received a gift from Okawaru
 15568 | D:10     | 15568 ||| FLEEEEING.
 15691 | D:10     | 15691 ||| INVOKING Heroism.
 15691 | D:10     | Paralysed by an orc sorcerer for 2 turns
 16246 | D:11     | Found a broken altar of Ashenzari.
 16271 | D:11     | 16271 ||| Stepping ~*~*~tactically~*~*~ (hiding).
 16498 | D:11     | 16498 ||| PLANNING D
 16626 | D:12     | 16626 ||| INVOKING Heroism.
 16748 | D:12     | Noticed Urug
 16749 | D:12     | 16749 ||| INVOKING Heroism.
 16755 | D:12     | Killed Urug
 16886 | D:12     | 16886 ||| Stepping ~*~*~tactically~*~*~ (hiding).
 16969 | D:12     | 16969 ||| Stepping ~*~*~tactically~*~*~ (hiding).
 17127 | D:12     | Noticed Nergalle
 17142 | D:12     | Killed Nergalle
 17143 | D:12     | Reached skill level 6 in Throwing
 17213 | D:12     | 17213 ||| Stepping ~*~*~tactically~*~*~ (hiding).
 17215 | D:12     | 17215 ||| Stepping ~*~*~tactically~*~*~ (hiding).
 17520 | D:12     | 17520 ||| UPGRADING to +1 buckler of fire resistance.
 17530 | D:12     | 17530 ||| DROPPING +0 buckler.
 17531 | D:12     | 17531 ||| UPGRADING to +0 pair of boots.
 17567 | D:13     | 17567 ||| INVOKING Heroism.
 17579 | D:13     | Reached XP level 15. HP: 93/96 MP: 20/22
 17631 | D:13     | 17631 ||| Stepping ~*~*~tactically~*~*~ (hiding).
 17791 | D:13     | Found Xisk's Antique Weapon Boutique.
 17846 | D:13     | 17846 ||| Stepping ~*~*~tactically~*~*~ (stealth).
 18062 | D:13     | 18062 ||| Stepping ~*~*~tactically~*~*~ (stealth).
 18169 | D:13     | 18169 ||| INVOKING Heroism.
 18292 | D:13     | 18292 ||| DROPPING +4 ring of protection.
 18293 | D:13     | 18293 ||| READING 3 scrolls of identify.
 18293 | D:13     | 18293 ||| IDENTIFYING fuming clear potion
 18304 | D:14     | 18304 ||| PLANNING GAUNTLET
 18316 | D:14     | 18316 ||| INVOKING Heroism.
 18318 | D:14     | 18318 ||| SWAPPING to -1 demon whip of venom.
 18323 | D:14     | Received a gift from Okawaru
 18324 | D:14     | 18324 ||| Stepping ~*~*~tactically~*~*~ (hiding).
 18325 | D:14     | 18325 ||| Stepping ~*~*~tactically~*~*~ (hiding).
 18326 | D:14     | 18326 ||| SWAPPING to +4 spectral war axe.
 18409 | D:14     | Found an iron altar of Okawaru.
 18421 | D:14     | Reached skill level 12 in Armour
 18586 | D:14     | Found a portal to a secret trove of treasure.
 18593 | D:14     | Found a gate leading to a gauntlet.
 18594 | D:14     | 18594 ||| UPGRADING to +0 kite shield.
 18604 | D:14     | 18604 ||| DROPPING +1 buckler of fire resistance.
 18605 | D:14     | 18605 ||| UPGRADING to +0 tower shield.
 18615 | D:14     | 18615 ||| DROPPING +0 kite shield.
 18616 | D:14     | 18616 ||| DROPPING ring of positive energy.
 18617 | D:14     | 18617 ||| DROPPING ring of magical power.
 18623 | Gauntlet | Entered a Gauntlet
 18623 | Gauntlet | Found a transporter.
 18630 | Gauntlet | Found a transporter.
 18633 | Gauntlet | Found a transporter.
 18646 | Gauntlet | Found a transporter.
 18647 | Gauntlet | Found a transporter.
 18656 | Gauntlet | Found a transporter.
 18677 | Gauntlet | Found a transporter.
 18688 | Gauntlet | Found a transporter.
 18698 | Gauntlet | Found a transporter.
 18720 | Gauntlet | Found a transporter.
 18732 | Gauntlet | Found a transporter.
 18734 | Gauntlet | Found a transporter.
 18781 | Gauntlet | Found a transporter.
 18793 | Gauntlet | Found a runed translucent door.
 18797 | Gauntlet | Found a runed translucent door.
 18799 | Gauntlet | Found a transporter.
 18886 | Gauntlet | 18886 ||| INVOKING Heroism.
 18887 | Gauntlet | 18887 ||| INVOKING Finesse.
 18939 | Gauntlet | 18939 ||| READING scroll of enchant weapon.
 18939 | Gauntlet | 18939 ||| ENCHANTING +4 spectral war axe.
 19008 | Gauntlet | Reached skill level 9 in Shields
 19034 | Gauntlet | Identified the ring "Hekink" {Str+5 Slay+4}
 19041 | Gauntlet | 19041 ||| UPGRADING to ring "Hekink" {Str+5 Slay+4}.
 19043 | Gauntlet | 19043 ||| UPGRADING to ring "Norghat" {+Blink rC+ Str+6}.
 19045 | Gauntlet | 19045 ||| DROPPING +6 ring of strength.
 19129 | Gauntlet | Identified the ring "Elous" {+Blink Str+6 Dex+8 Slay-6}
 19130 | Gauntlet | 19130 ||| INVOKING Heroism.
 19213 | Gauntlet | 19213 ||| UPGRADING to +2 pair of boots.
 19223 | Gauntlet | 19223 ||| DROPPING +0 pair of boots.
 19236 | D:14     | 19236 ||| PLANNING D
 19386 | D:14     | Found a gate to the Vaults.
 19511 | D:14     | 19511 ||| Stepping ~*~*~tactically~*~*~ (hiding).
 19520 | D:14     | 19520 ||| Stepping ~*~*~tactically~*~*~ (stealth).
 19521 | D:14     | 19521 ||| Stepping ~*~*~tactically~*~*~ (stealth).
 19522 | D:14     | 19522 ||| Stepping ~*~*~tactically~*~*~ (stealth).
 19523 | D:14     | 19523 ||| INVOKING Heroism.
 19524 | D:14     | 19524 ||| INVOKING Finesse.
 19528 | D:14     | 19528 ||| SWAPPING to -1 demon whip of venom.
 19533 | D:14     | 19533 ||| SWAPPING to +5 spectral war axe.
 19539 | D:14     | Received a gift from Okawaru
 19540 | D:14     | 19540 ||| Stepping ~*~*~tactically~*~*~ (hiding).
 19552 | D:14     | 19552 ||| Stepping ~*~*~tactically~*~*~ (stealth).
 19553 | D:14     | 19553 ||| Stepping ~*~*~tactically~*~*~ (stealth).
 19556 | D:14     | 19556 ||| SWAPPING to -1 demon whip of venom.
 19566 | D:14     | 19566 ||| SWAPPING to +5 spectral war axe.
 19712 | D:15     | Entered Level 15 of the Dungeon
 19720 | D:15     | 19720 ||| Stepping ~*~*~tactically~*~*~ (stealth).
 19726 | D:15     | Received a gift from Okawaru
 19739 | D:15     | 19739 ||| FLEEEEING.
 19740 | D:15     | 19740 ||| FLEEEEING.
 19741 | D:15     | 19741 ||| STAIRDANCE
 19776 | D:15     | 19776 ||| STAIRDANCE
 19845 | D:15     | Found a bloodstained altar of Trog.
 19906 | D:15     | 19906 ||| INVOKING Heroism.
 19907 | D:15     | 19907 ||| INVOKING Finesse.
 19910 | D:15     | Reached skill level 12 in Shields
 19996 | D:15     | 19996 ||| INVOKING Heroism.
 20006 | D:15     | 20006 ||| READING 3 scrolls of teleportation.
 20139 | D:15     | 20139 ||| INVOKING Heroism.
 20151 | D:15     | Found a staircase to the Depths.
 20398 | D:15     | 20398 ||| READING scroll of enchant armour.
 20398 | D:15     | 20398 ||| ENCHANTING +2 plate armour of fire resistance.
 20418 | D:15     | 20418 ||| Stepping ~*~*~tactically~*~*~ (stealth).
 20420 | D:15     | 20420 ||| Stepping ~*~*~tactically~*~*~ (stealth).
 20524 | D:15     | 20524 ||| INVOKING Heroism.
 20528 | D:15     | Reached XP level 16. HP: 101/101 MP: 20/23
 20568 | D:15     | 20568 ||| INVOKING Heroism.
 20570 | D:15     | 20570 ||| Stepping ~*~*~tactically~*~*~ (stealth).
 20579 | D:15     | Received a gift from Okawaru
 20602 | D:15     | 20602 ||| INVOKING Heroism.
 21041 | D:15     | 21041 ||| PLANNING ORC
 21041 | D:15     | 21041 ||| DROPPING +6 ring of intelligence.
 21187 | Orc:1    | Entered Level 1 of the Orcish Mines
 21187 | Orc:1    | Found Ysuvvysch's Weapon Shop.
 21427 | Orc:2    | Entered Level 2 of the Orcish Mines
 21451 | Orc:2    | 21451 ||| FLEEEEING.
 21452 | Orc:2    | 21452 ||| FLEEEEING.
 21518 | Orc:2    | Noticed Jorgrun
 21519 | Orc:2    | 21519 ||| Stepping ~*~*~tactically~*~*~ (hiding).
 21520 | Orc:2    | 21520 ||| Stepping ~*~*~tactically~*~*~ (hiding).
 21521 | Orc:2    | 21521 ||| INVOKING Heroism.
 21522 | Orc:2    | 21522 ||| INVOKING Finesse.
 21534 | Orc:2    | Killed Jorgrun
 21582 | Orc:2    | Found a staircase to the Elven Halls.
 21603 | Orc:2    | 21603 ||| Stepping ~*~*~tactically~*~*~ (hiding).
 21605 | Orc:2    | 21605 ||| Stepping ~*~*~tactically~*~*~ (hiding).
 21606 | Orc:2    | 21606 ||| Stepping ~*~*~tactically~*~*~ (hiding).
 21607 | Orc:2    | 21607 ||| Stepping ~*~*~tactically~*~*~ (hiding).
 21608 | Orc:2    | 21608 ||| Stepping ~*~*~tactically~*~*~ (hiding).
 21609 | Orc:2    | 21609 ||| Stepping ~*~*~tactically~*~*~ (hiding).
 21732 | Orc:2    | Found Boqalol's Gadget Gallery.
 21771 | Orc:2    | Identified the +0 war axe of Buxegran {freeze, rN+ Str+2
                  | Int+2 Dex-4} (Okawaru gifted it to you on level 2 of the
                  | Orcish Mines)
 21771 | Orc:2    | Received a gift from Okawaru
 21810 | Orc:2    | 21810 ||| Stepping ~*~*~tactically~*~*~ (hiding).
 21811 | Orc:2    | 21811 ||| INVOKING Heroism.
 21829 | Orc:2    | Reached skill level 15 in Shields
 21836 | Orc:2    | 21836 ||| FLEEEEING.
 21837 | Orc:2    | 21837 ||| INVOKING Heroism.
 21876 | Orc:2    | Found Pylyre's Assorted Antiques.
 21876 | Orc:2    | Found Maos's Antique Weapon Boutique.
 21876 | Orc:2    | Found Ryciduw's General Store.
 21876 | Orc:2    | Found Dotorhod's Distillery.
 21889 | Orc:2    | 21889 ||| FLEEEEING.
 21891 | Orc:2    | 21891 ||| FLEEEEING.
 21892 | Orc:2    | 21892 ||| FLEEEEING.
 21893 | Orc:2    | 21893 ||| FLEEEEING.
 21894 | Orc:2    | 21894 ||| FLEEEEING.
 21895 | Orc:2    | 21895 ||| STAIRDANCE
 21897 | Orc:1    | 21897 ||| INVOKING Heroism.
 21898 | Orc:1    | 21898 ||| INVOKING Finesse.
 21989 | Orc:1    | 21989 ||| Stepping ~*~*~tactically~*~*~ (stealth).
 21991 | Orc:1    | 21991 ||| Stepping ~*~*~tactically~*~*~ (hiding).
 22002 | Orc:1    | 22002 ||| Stepping ~*~*~tactically~*~*~ (hiding).
 22059 | Orc:1    | 22059 ||| Stepping ~*~*~tactically~*~*~ (stealth).
 22061 | Orc:1    | 22061 ||| Stepping ~*~*~tactically~*~*~ (hiding).
 22070 | Orc:1    | 22070 ||| Stepping ~*~*~tactically~*~*~ (hiding).
 22071 | Orc:1    | 22071 ||| Stepping ~*~*~tactically~*~*~ (hiding).
 22125 | Orc:1    | Found Voaweomu's Firing Range.
 22192 | Orc:2    | 22192 ||| BUYING wand of digging (6) (252 gold).
 22192 | Orc:2    | Bought a wand of digging (6) for 252 gold pieces
 22305 | Orc:2    | 22305 ||| Stepping ~*~*~tactically~*~*~ (hiding).
 22418 | Orc:2    | 22418 ||| BUYING glowing flail (188 gold).
 22418 | Orc:2    | Bought a glowing flail for 188 gold pieces
 22418 | Orc:2    | 22418 ||| BUYING glowing flail (188 gold).
 22418 | Orc:2    | Bought a glowing flail for 188 gold pieces
 22418 | Orc:2    | 22418 ||| BUYING glowing morningstar (203 gold).
 22418 | Orc:2    | Bought a glowing morningstar for 203 gold pieces
 22418 | Orc:2    | 22418 ||| DROPPING +1 flail of draining.
 22419 | Orc:2    | 22419 ||| DROPPING +4 flail of venom.
 22421 | Orc:2    | 22421 ||| BUYING potion of attraction (45 gold).
 22421 | Orc:2    | Bought a potion of attraction for 45 gold pieces
 22421 | Orc:2    | 22421 ||| BUYING potion of curing (45 gold).
 22421 | Orc:2    | Bought a potion of curing for 45 gold pieces
 22421 | Orc:2    | 22421 ||| BUYING potion of curing (45 gold).
 22421 | Orc:2    | Bought a potion of curing for 45 gold pieces
 22421 | Orc:2    | 22421 ||| BUYING potion of haste (150 gold).
 22421 | Orc:2    | Bought a potion of haste for 150 gold pieces
 22421 | Orc:2    | 22421 ||| BUYING potion of mutation (120 gold).
 22421 | Orc:2    | Bought a potion of mutation for 120 gold pieces
 22422 | Orc:2    | 22422 ||| BUYING potion of curing (48 gold).
 22422 | Orc:2    | Bought a potion of curing for 48 gold pieces
 22423 | Orc:2    | 22423 ||| BUYING potion of enlightenment (130 gold).
 22423 | Orc:2    | Bought a potion of enlightenment for 130 gold pieces
 22423 | Orc:2    | 22423 ||| BUYING scroll of enchant armour (195 gold).
 22423 | Orc:2    | Bought a scroll of enchant armour for 195 gold pieces
 22423 | Orc:2    | 22423 ||| SHOPLISTING shiny plate armour (676 gold, have
                  | 604).
 22423 | Orc:2    | 22423 ||| READING scroll of enchant armour.
 22423 | Orc:2    | 22423 ||| ENCHANTING +3 plate armour of fire resistance.
 22672 | Orc:2    | 22672 ||| PLANNING SNAKE:1-3
 22906 | Snake:1  | Entered Level 1 of the Snake Pit
 22910 | Snake:1  | 22910 ||| Stepping ~*~*~tactically~*~*~ (hiding).
 22911 | Snake:1  | 22911 ||| Stepping ~*~*~tactically~*~*~ (hiding).
 22947 | Snake:1  | 22947 ||| Stepping ~*~*~tactically~*~*~ (stealth).
 22976 | Snake:1  | Identified the +4 sling of Hacking and Slashing {freeze,
                  | rElec rCorr}
 22998 | Snake:1  | Noticed Mlioglotl
 22999 | Snake:1  | 22999 ||| INVOKING Heroism.
 22999 | Snake:1  | Noticed Aizul
 23000 | Snake:1  | 23000 ||| Stepping ~*~*~tactically~*~*~ (hiding).
 23007 | Snake:1  | Killed Mlioglotl
 23018 | Snake:1  | Killed Aizul
 23180 | Snake:1  | 23180 ||| Stepping ~*~*~tactically~*~*~ (stealth).
 23182 | Snake:1  | 23182 ||| Stepping ~*~*~tactically~*~*~ (stealth).
 23320 | Snake:1  | 23320 ||| Stepping ~*~*~tactically~*~*~ (hiding).
 23322 | Snake:1  | 23322 ||| Stepping ~*~*~tactically~*~*~ (stealth).
 23324 | Snake:1  | 23324 ||| INVOKING Heroism.
 23360 | Snake:1  | 23360 ||| Stepping ~*~*~tactically~*~*~ (hiding).
 23366 | Snake:1  | Received a gift from Okawaru
 23503 | Snake:1  | 23503 ||| Stepping ~*~*~tactically~*~*~ (hiding).
 23694 | Snake:2  | Noticed a nagaraja
 23695 | Snake:2  | 23695 ||| INVOKING Heroism.
 23706 | Snake:2  | Killed a nagaraja
 23706 | Snake:2  | Received a gift from Okawaru
 23711 | Snake:2  | Noticed Azrael
 23712 | Snake:2  | 23712 ||| INVOKING Finesse.
 23712 | Snake:2  | Noticed Saint Roka
 23719 | Snake:2  | 23719 ||| Stepping ~*~*~tactically~*~*~ (hiding).
 23724 | Snake:2  | 23724 ||| Stepping ~*~*~tactically~*~*~ (hiding).
 23726 | Snake:2  | 23726 ||| INVOKING Heroism.
 23730 | Snake:2  | HP: 21/101 [Azrael/+2 scimitar of flaming (5)]
 23731 | Snake:2  | 23731 ||| READING 4 scrolls of teleportation.
 23732 | Snake:2  | 23732 ||| DRINKING 5 potions of heal wounds.
 23733 | Snake:2  | Killed Azrael
 23735 | Snake:2  | HP: 23/101 [orc priest/divine providence[Saint Roka] (15)]
 23736 | Snake:2  | 23736 ||| DRINKING 4 potions of heal wounds.
 23953 | Snake:2  | 23953 ||| READING scroll of enchant weapon.
 23953 | Snake:2  | 23953 ||| ENCHANTING +5 spectral war axe.
 23969 | Snake:2  | 23969 ||| Stepping ~*~*~tactically~*~*~ (stealth).
 24027 | Snake:2  | 24027 ||| Stepping ~*~*~tactically~*~*~ (stealth).
 24028 | Snake:2  | 24028 ||| Stepping ~*~*~tactically~*~*~ (stealth).
 24030 | Snake:2  | 24030 ||| Stepping ~*~*~tactically~*~*~ (stealth).
 24050 | Snake:2  | 24050 ||| Stepping ~*~*~tactically~*~*~ (stealth).
 24052 | Snake:2  | 24052 ||| Stepping ~*~*~tactically~*~*~ (stealth).
 24056 | Snake:2  | 24056 ||| Stepping ~*~*~tactically~*~*~ (hiding).
 24063 | Snake:2  | Reached XP level 17. HP: 104/108 MP: 24/24
 24082 | Snake:2  | 24082 ||| INVOKING Heroism.
 24096 | Snake:2  | Killed Saint Roka
 24108 | Snake:2  | Reached skill level 13 in Fighting
 24375 | Snake:2  | Noticed Vashnia
 24376 | Snake:2  | 24376 ||| Stepping ~*~*~tactically~*~*~ (hiding).
 24383 | Snake:2  | 24383 ||| INVOKING Heroism.
 24418 | Snake:2  | Killed Vashnia
 24617 | Snake:2  | Noticed Nikola
 24618 | Snake:2  | 24618 ||| INVOKING Heroism.
 24621 | Snake:2  | 24621 ||| Stepping ~*~*~tactically~*~*~ (hiding).
 24633 | Snake:2  | Killed Nikola
 24901 | Snake:2  | 24901 ||| Stepping ~*~*~tactically~*~*~ (stealth).
 25032 | Snake:2  | Found Focwu's Distillery.
 25040 | Snake:2  | 25040 ||| BUYING potion of curing (36 gold).
 25040 | Snake:2  | Bought a potion of curing for 36 gold pieces
 25040 | Snake:2  | 25040 ||| BUYING potion of curing (36 gold).
 25040 | Snake:2  | Bought a potion of curing for 36 gold pieces
 25040 | Snake:2  | 25040 ||| BUYING potion of curing (36 gold).
 25040 | Snake:2  | Bought a potion of curing for 36 gold pieces
 25040 | Snake:2  | 25040 ||| BUYING potion of enlightenment (60 gold).
 25040 | Snake:2  | Bought a potion of enlightenment for 60 gold pieces
 25040 | Snake:2  | 25040 ||| BUYING potion of haste (120 gold).
 25040 | Snake:2  | Bought a potion of haste for 120 gold pieces
 25040 | Snake:2  | 25040 ||| BUYING potion of magic (96 gold).
 25040 | Snake:2  | Bought a potion of magic for 96 gold pieces
 25239 | Snake:2  | Found Numnaple's Magic Scroll Shop.
 25244 | Snake:2  | 25244 ||| BUYING scroll of teleportation (45 gold).
 25244 | Snake:2  | Bought a scroll of teleportation for 45 gold pieces
 25245 | Snake:2  | 25245 ||| Stepping ~*~*~tactically~*~*~ (hiding).
 25457 | Snake:3  | 25457 ||| Stepping ~*~*~tactically~*~*~ (hiding).
 25458 | Snake:3  | 25458 ||| Stepping ~*~*~tactically~*~*~ (hiding).
 25459 | Snake:3  | 25459 ||| INVOKING Heroism.
 25482 | Snake:3  | 25482 ||| Stepping ~*~*~tactically~*~*~ (stealth).
 25490 | Snake:3  | Received a gift from Okawaru
 25510 | Snake:3  | HP: 24/108 [naga warrior/+0 trident (15)]
 25511 | Snake:3  | 25511 ||| READING 6 scrolls of teleportation.
 25512 | Snake:3  | 25512 ||| DRINKING 3 potions of heal wounds.
 25516 | Snake:3  | HP: 26/109 [salamander mystic/+0 dagger (6)]
 25517 | Snake:3  | 25517 ||| DRINKING 2 potions of heal wounds.
 25518 | Snake:3  | 25518 ||| INVOKING Heroism.
 25526 | Snake:3  | HP: 27/109 [constriction (5)]
 25527 | Snake:3  | 25527 ||| READING 5 scrolls of teleportation.
 25535 | Snake:3  | HP: 23/109 [sea snake (6)]
 25536 | Snake:3  | 25536 ||| READING 4 scrolls of teleportation.
 25537 | Snake:3  | 25537 ||| DRINKING potion of heal wounds.
 25543 | Snake:3  | Received a gift from Okawaru
 25545 | Snake:3  | 25545 ||| INVOKING Heroism.
 25715 | Snake:3  | 25715 ||| Stepping ~*~*~tactically~*~*~ (stealth).
 25815 | Snake:3  | 25815 ||| READING scroll of enchant armour.
 25815 | Snake:3  | 25815 ||| ENCHANTING +4 plate armour of fire resistance.
 25817 | Snake:3  | Noticed Asterion
 25818 | Snake:3  | 25818 ||| INVOKING Heroism.
 25837 | Snake:3  | Killed Asterion
 25838 | Snake:3  | Reached skill level 14 in Fighting
 25850 | Snake:3  | 25850 ||| INVOKING Heroism.
 25876 | Snake:3  | Reached skill level 18 in Shields
 25941 | Snake:3  | 25941 ||| FLEEEEING.
 25951 | Snake:3  | 25951 ||| STAIRDANCE
 25983 | Snake:2  | 25983 ||| DROPPING -1 demon whip of venom.
 25984 | Snake:2  | 25984 ||| DROPPING +1 morningstar of pain.
 25985 | Snake:2  | 25985 ||| DROPPING +2 flail of holy wrath.
 25986 | Snake:2  | 25986 ||| DROPPING +0 morningstar.
 25987 | Snake:2  | 25987 ||| DROPPING +2 antimagic morningstar.
 26062 | Snake:3  | Found a runed translucent gate.
 26062 | Snake:3  | Found a runed translucent gate.
 26062 | Snake:3  | Found a runed translucent gate.
 26213 | Snake:3  | 26213 ||| Stepping ~*~*~tactically~*~*~ (hiding).
 26293 | Snake:3  | 26293 ||| INVOKING Heroism.
 26337 | Snake:3  | 26337 ||| Stepping ~*~*~tactically~*~*~ (hiding).
 26340 | Snake:3  | 26340 ||| Stepping ~*~*~tactically~*~*~ (stealth).
 26343 | Snake:3  | 26343 ||| Stepping ~*~*~tactically~*~*~ (hiding).
 26384 | Snake:3  | 26384 ||| Stepping ~*~*~tactically~*~*~ (stealth).
 26391 | Snake:3  | 26391 ||| Stepping ~*~*~tactically~*~*~ (stealth).
 26803 | Snake:3  | Noticed Siddir's ghost (journeyman MiBe)
 26806 | Snake:3  | 26806 ||| PLANNING SWAMP:1-3
 26814 | Snake:3  | 26814 ||| PLANNING SNAKE:1-3
 26824 | Snake:3  | 26824 ||| PLANNING SWAMP:1-3
 26839 | Snake:3  | 26839 ||| PLANNING SNAKE:1-3
 26853 | Snake:3  | 26853 ||| PLANNING SWAMP:1-3
 26875 | Snake:3  | 26875 ||| PLANNING SNAKE:1-3
 26899 | Snake:3  | 26899 ||| PLANNING SWAMP:1-3
 26922 | Snake:3  | 26922 ||| PLANNING SNAKE:1-3
 26947 | Snake:3  | 26947 ||| PLANNING SWAMP:1-3
 26971 | Snake:3  | 26971 ||| PLANNING SNAKE:1-3
 27000 | Snake:3  | 27000 ||| PLANNING SWAMP:1-3
 27033 | Snake:3  | 27033 ||| PLANNING SNAKE:1-3
 27068 | Snake:3  | 27068 ||| PLANNING SWAMP:1-3
 27100 | Snake:3  | 27100 ||| PLANNING SNAKE:1-3
 27136 | Snake:3  | 27136 ||| PLANNING SWAMP:1-3
 27172 | Snake:3  | 27172 ||| PLANNING SNAKE:1-3
 27210 | Snake:3  | 27210 ||| PLANNING SWAMP:1-3
 27269 | Snake:3  | 27269 ||| PLANNING SNAKE:1-3
 27340 | Snake:3  | 27340 ||| PLANNING SWAMP:1-3
 27391 | Snake:3  | 27391 ||| PLANNING SNAKE:1-3
 27444 | Snake:3  | 27444 ||| PLANNING SWAMP:1-3
 27497 | Snake:3  | 27497 ||| PLANNING SNAKE:1-3
 27551 | Snake:3  | 27551 ||| Stepping randomly (stuck).
 27552 | Snake:3  | 27552 ||| PLANNING SWAMP:1-3
 27639 | Swamp:1  | Entered Level 1 of the Swamp
 27649 | Swamp:1  | Received a gift from Okawaru
 27706 | Swamp:1  | 27706 ||| Stepping ~*~*~tactically~*~*~ (stealth).
 27709 | Swamp:1  | 27709 ||| INVOKING Heroism.
 27742 | Swamp:1  | 27742 ||| INVOKING Heroism.
 27825 | Swamp:1  | 27825 ||| INVOKING Heroism.
 27861 | Swamp:1  | Reached XP level 18. HP: 116/116 MP: 25/25
 27865 | Swamp:1  | 27865 ||| DROPPING +2 spectral morningstar.
 27894 | Swamp:1  | 27894 ||| Stepping ~*~*~tactically~*~*~ (hiding).
 28003 | Swamp:1  | 28003 ||| Stepping ~*~*~tactically~*~*~ (hiding).
 28190 | Swamp:1  | Received a gift from Okawaru
 28261 | Swamp:1  | 28261 ||| INVOKING Heroism.
 28454 | Swamp:1  | 28454 ||| UPGRADING to amulet of the acrobat.
 28495 | Swamp:2  | 28495 ||| Stepping ~*~*~tactically~*~*~ (stealth).
 28496 | Swamp:2  | 28496 ||| INVOKING Heroism.
 28605 | Swamp:2  | Reached skill level 15 in Fighting
 28643 | Swamp:2  | 28643 ||| INVOKING Heroism.
 28714 | Swamp:2  | 28714 ||| Stepping ~*~*~tactically~*~*~ (stealth).
 28716 | Swamp:2  | 28716 ||| INVOKING Heroism.
 28722 | Swamp:2  | 28722 ||| Stepping ~*~*~tactically~*~*~ (hiding).
 28723 | Swamp:2  | 28723 ||| Stepping ~*~*~tactically~*~*~ (hiding).
 28852 | Swamp:2  | 28852 ||| INVOKING Heroism.
 28895 | Swamp:2  | 28895 ||| INVOKING Heroism.
 28934 | Swamp:2  | 28934 ||| Stepping ~*~*~tactically~*~*~ (stealth).
 28990 | Swamp:2  | 28990 ||| Stepping ~*~*~tactically~*~*~ (hiding).
 28991 | Swamp:2  | 28991 ||| Stepping ~*~*~tactically~*~*~ (stealth).
 28997 | Swamp:2  | 28997 ||| Stepping ~*~*~tactically~*~*~ (stealth).
 28998 | Swamp:2  | 28998 ||| Stepping ~*~*~tactically~*~*~ (stealth).
 29000 | Swamp:2  | 29000 ||| Stepping ~*~*~tactically~*~*~ (stealth).
 29001 | Swamp:2  | 29001 ||| Stepping ~*~*~tactically~*~*~ (stealth).
 29029 | Swamp:2  | 29029 ||| INVOKING Heroism.
 29039 | Swamp:2  | Received a gift from Okawaru
 29081 | Swamp:2  | 29081 ||| INVOKING Heroism.
 29139 | Swamp:2  | 29139 ||| INVOKING Heroism.
 29213 | Swamp:2  | 29213 ||| Stepping ~*~*~tactically~*~*~ (stealth).
 29216 | Swamp:2  | 29216 ||| INVOKING Heroism.
 29220 | Swamp:2  | 29220 ||| Stepping ~*~*~tactically~*~*~ (stealth).
 29411 | Swamp:3  | 29411 ||| Stepping ~*~*~tactically~*~*~ (stealth).
 29411 | Swamp:3  | Noticed Louise
 29412 | Swamp:3  | 29412 ||| Stepping ~*~*~tactically~*~*~ (stealth).
 29413 | Swamp:3  | 29413 ||| INVOKING Heroism.
 29422 | Swamp:3  | 29422 ||| Stepping ~*~*~tactically~*~*~ (stealth).
 29428 | Swamp:3  | 29428 ||| Stepping ~*~*~tactically~*~*~ (stealth).
 29438 | Swamp:3  | Reached skill level 15 in Armour
 29440 | Swamp:3  | 29440 ||| INVOKING Heroism.
 29444 | Swamp:3  | Received a gift from Okawaru
 29445 | Swamp:3  | Killed Louise
 29462 | Swamp:3  | 29462 ||| Stepping ~*~*~tactically~*~*~ (stealth).
 29463 | Swamp:3  | 29463 ||| Stepping ~*~*~tactically~*~*~ (stealth).
 29660 | Swamp:3  | Found an ancient bone altar of Kikubaaqudgha.
 29689 | Swamp:3  | 29689 ||| INVOKING Heroism.
 29742 | Swamp:3  | 29742 ||| INVOKING Heroism.
 29748 | Swamp:3  | 29748 ||| Stepping ~*~*~tactically~*~*~ (hiding).
 29825 | Swamp:3  | 29825 ||| Stepping ~*~*~tactically~*~*~ (hiding).
 29915 | Swamp:3  | Received a gift from Okawaru
 30092 | Swamp:3  | 30092 ||| PLANNING SNAKE:4
 30255 | Snake:4  | Entered Level 4 of the Snake Pit
 30265 | Snake:4  | Reached skill level 9 in Throwing
 30318 | Snake:4  | 30318 ||| Stepping ~*~*~tactically~*~*~ (hiding).
 30418 | Snake:4  | 30418 ||| Stepping ~*~*~tactically~*~*~ (stealth).
 30491 | Snake:4  | 30491 ||| INVOKING Heroism.
 30514 | Snake:4  | 30514 ||| INVOKING Heroism.
 30519 | Snake:4  | Received a gift from Okawaru
 30536 | Snake:4  | 30536 ||| Stepping ~*~*~tactically~*~*~ (hiding).
 30546 | Snake:4  | 30546 ||| Stepping ~*~*~tactically~*~*~ (hiding).
 30561 | Snake:4  | Received a gift from Okawaru
 30562 | Snake:4  | Reached skill level 16 in Fighting
 30758 | Snake:4  | 30758 ||| Stepping ~*~*~tactically~*~*~ (hiding).
 30788 | Snake:4  | 30788 ||| Stepping ~*~*~tactically~*~*~ (stealth).
 30790 | Snake:4  | 30790 ||| Stepping ~*~*~tactically~*~*~ (stealth).
 30793 | Snake:4  | 30793 ||| INVOKING Heroism.
 30888 | Snake:4  | 30888 ||| INVOKING Heroism.
 30913 | Snake:4  | HP: 30/120 [constriction (3)]
 30914 | Snake:4  | 30914 ||| READING 4 scrolls of teleportation.
 30915 | Snake:4  | 30915 ||| DRINKING potion of heal wounds.
 30919 | Snake:4  | Reached XP level 19. HP: 46/125 MP: 26/26
 31132 | Snake:4  | 31132 ||| Stepping ~*~*~tactically~*~*~ (hiding).
 31248 | Snake:4  | Received a gift from Okawaru
 31491 | Snake:4  | 31491 ||| Stepping ~*~*~tactically~*~*~ (hiding).
 31672 | Snake:4  | 31672 ||| Stepping ~*~*~tactically~*~*~ (hiding).
 31824 | Snake:4  | 31824 ||| INVOKING Heroism.
 31830 | Snake:4  | Received a gift from Okawaru
 31991 | Snake:4  | 31991 ||| Stepping ~*~*~tactically~*~*~ (hiding).
 31993 | Snake:4  | 31993 ||| INVOKING Heroism.
 32062 | Snake:4  | 32062 ||| INVOKING Heroism.
 32069 | Snake:4  | 32069 ||| Stepping ~*~*~tactically~*~*~ (hiding).
 32282 | Snake:4  | 32282 ||| Stepping ~*~*~tactically~*~*~ (hiding).
 32410 | Snake:4  | Reached skill level 17 in Fighting
 32415 | Snake:4  | 32415 ||| INVOKING Heroism.
 32741 | Snake:4  | Got a serpentine rune of Zot
 32743 | Snake:4  | 32743 ||| PLANNING VAULTS:1-4
 32888 | Snake:4  | 32888 ||| PLANNING SNAKE:4
 32889 | Snake:4  | 32889 ||| PLANNING VAULTS:1-4
 32920 | Snake:4  | 32920 ||| PLANNING SNAKE:4
 32921 | Snake:4  | 32921 ||| PLANNING VAULTS:1-4
 32948 | Snake:4  | 32948 ||| PLANNING SNAKE:4
 32949 | Snake:4  | 32949 ||| PLANNING VAULTS:1-4
 33254 | Vaults:1 | Entered Level 1 of the Vaults
 33309 | Vaults:1 | 33309 ||| FLEEEEING.
 33310 | Vaults:1 | 33310 ||| FLEEEEING.
 33311 | Vaults:1 | 33311 ||| FLEEEEING.
 33312 | Vaults:1 | 33312 ||| FLEEEEING.
 33313 | Vaults:1 | 33313 ||| FLEEEEING.
 33314 | Vaults:1 | 33314 ||| Stepping ~*~*~tactically~*~*~ (hiding).
 33315 | Vaults:1 | 33315 ||| FLEEEEING.
 33320 | Vaults:1 | 33320 ||| FLEEEEING.
 33321 | Vaults:1 | 33321 ||| FLEEEEING.
 33322 | Vaults:1 | 33322 ||| FLEEEEING.
 33323 | Vaults:1 | 33323 ||| FLEEEEING.
 33324 | Vaults:1 | 33324 ||| FLEEEEING.
 33325 | Vaults:1 | 33325 ||| FLEEEEING.
 33327 | Vaults:1 | 33327 ||| FLEEEEING.
 33328 | Vaults:1 | 33328 ||| FLEEEEING.
 33329 | Vaults:1 | 33329 ||| FLEEEEING.
 33330 | Vaults:1 | 33330 ||| FLEEEEING.
 33331 | Vaults:1 | 33331 ||| FLEEEEING.
 33332 | Vaults:1 | 33332 ||| FLEEEEING.
 33333 | Vaults:1 | 33333 ||| FLEEEEING.
 33334 | Vaults:1 | 33334 ||| STAIRDANCE
 33464 | Vaults:1 | Received a gift from Okawaru
 33476 | Vaults:1 | 33476 ||| STAIRDANCE
 33524 | Vaults:1 | 33524 ||| STAIRDANCE
 33689 | Vaults:1 | 33689 ||| FLEEEEING.
 33690 | Vaults:1 | 33690 ||| FLEEEEING.
 33691 | Vaults:1 | 33691 ||| STAIRDANCE
 33741 | Vaults:1 | 33741 ||| Stepping ~*~*~tactically~*~*~ (hiding).
 33788 | Vaults:1 | 33788 ||| Stepping ~*~*~tactically~*~*~ (hiding).
 33805 | Vaults:1 | 33805 ||| Stepping ~*~*~tactically~*~*~ (stealth).
 33878 | Vaults:1 | 33878 ||| Stepping ~*~*~tactically~*~*~ (hiding).
 33880 | Vaults:1 | 33880 ||| Stepping ~*~*~tactically~*~*~ (hiding).
 33886 | Vaults:1 | 33886 ||| Stepping ~*~*~tactically~*~*~ (hiding).
 33891 | Vaults:1 | 33891 ||| Stepping ~*~*~tactically~*~*~ (hiding).
 33895 | Vaults:1 | 33895 ||| INVOKING Heroism.
 33898 | Vaults:1 | HP: 31/128 [yaktaur/+0 arbalest[a yaktaur captain] (5)]
 33899 | Vaults:1 | 33899 ||| READING 3 scrolls of teleportation.
 33902 | Vaults:1 | 33902 ||| FLEEEEING.
 33903 | Vaults:1 | 33903 ||| FLEEEEING.
 33920 | Vaults:1 | 33920 ||| FLEEEEING.
 33921 | Vaults:1 | 33921 ||| FLEEEEING.
 33922 | Vaults:1 | 33922 ||| FLEEEEING.
 33962 | Vaults:1 | 33962 ||| FLEEEEING.
 33963 | Vaults:1 | 33963 ||| FLEEEEING.
 33964 | Vaults:1 | 33964 ||| FLEEEEING.
 33965 | Vaults:1 | 33965 ||| FLEEEEING.
 33966 | Vaults:1 | 33966 ||| FLEEEEING.
 33967 | Vaults:1 | 33967 ||| FLEEEEING.
 33968 | Vaults:1 | 33968 ||| FLEEEEING.
 33969 | Vaults:1 | 33969 ||| FLEEEEING.
 33992 | Vaults:1 | 33992 ||| INVOKING Heroism.
 34143 | Vaults:1 | 34143 ||| Stepping ~*~*~tactically~*~*~ (stealth).
 34151 | Vaults:1 | 34151 ||| FLEEEEING.
 34152 | Vaults:1 | 34152 ||| FLEEEEING.
 34153 | Vaults:1 | 34153 ||| Stepping ~*~*~tactically~*~*~ (hiding).
 34281 | Vaults:1 | 34281 ||| Stepping ~*~*~tactically~*~*~ (hiding).
 34366 | Vaults:1 | 34366 ||| INVOKING Heroism.
 34367 | Vaults:1 | 34367 ||| INVOKING Finesse.
 34414 | Vaults:1 | 34414 ||| READING scroll of enchant armour.
 34414 | Vaults:1 | 34414 ||| ENCHANTING +5 plate armour of fire resistance.
 34477 | Vaults:1 | 34477 ||| Stepping ~*~*~tactically~*~*~ (stealth).
 34482 | Vaults:1 | Received a gift from Okawaru
 34564 | Vaults:1 | Identified the +2 pair of boots of the Monkey {Will+ Str+7
                  | Dex-4} (Okawaru gifted it to you on level 1 of the Vaults)
 34564 | Vaults:1 | Received a gift from Okawaru
 34861 | Vaults:1 | 34861 ||| Stepping ~*~*~tactically~*~*~ (hiding).
 34863 | Vaults:1 | 34863 ||| Stepping ~*~*~tactically~*~*~ (hiding).
 35115 | Vaults:1 | 35115 ||| Stepping ~*~*~tactically~*~*~ (stealth).
 35116 | Vaults:1 | 35116 ||| Stepping ~*~*~tactically~*~*~ (stealth).
 35187 | Vaults:1 | 35187 ||| FLEEEEING.
 35188 | Vaults:1 | 35188 ||| FLEEEEING.
 35189 | Vaults:1 | 35189 ||| FLEEEEING.
 35190 | Vaults:1 | 35190 ||| FLEEEEING.
 35191 | Vaults:1 | 35191 ||| FLEEEEING.
 35192 | Vaults:1 | 35192 ||| FLEEEEING.
 35193 | Vaults:1 | 35193 ||| FLEEEEING.
 35194 | Vaults:1 | 35194 ||| FLEEEEING.
 35195 | Vaults:1 | 35195 ||| FLEEEEING.
 35196 | Vaults:1 | 35196 ||| FLEEEEING.
 35197 | Vaults:1 | 35197 ||| FLEEEEING.
 35198 | Vaults:1 | 35198 ||| FLEEEEING.
 35199 | Vaults:1 | 35199 ||| FLEEEEING.
 35200 | Vaults:1 | 35200 ||| FLEEEEING.
 35201 | Vaults:1 | 35201 ||| FLEEEEING.
 35202 | Vaults:1 | 35202 ||| FLEEEEING.
 35203 | Vaults:1 | 35203 ||| FLEEEEING.
 35204 | Vaults:1 | 35204 ||| FLEEEEING.
 35205 | Vaults:1 | 35205 ||| FLEEEEING.
 35206 | Vaults:1 | 35206 ||| FLEEEEING.
 35207 | Vaults:1 | 35207 ||| FLEEEEING.
 35208 | Vaults:1 | 35208 ||| FLEEEEING.
 35209 | Vaults:1 | 35209 ||| FLEEEEING.
 35210 | Vaults:1 | 35210 ||| FLEEEEING.
 35215 | Vaults:1 | 35215 ||| FLEEEEING.
 35216 | Vaults:1 | 35216 ||| FLEEEEING.
 35217 | Vaults:1 | 35217 ||| FLEEEEING.
 35218 | Vaults:1 | 35218 ||| FLEEEEING.
 35219 | Vaults:1 | 35219 ||| FLEEEEING.
 35220 | Vaults:1 | 35220 ||| FLEEEEING.
 35221 | Vaults:1 | 35221 ||| FLEEEEING.
 35222 | Vaults:1 | 35222 ||| FLEEEEING.
 35223 | Vaults:1 | 35223 ||| FLEEEEING.
 35224 | Vaults:1 | 35224 ||| FLEEEEING.
 35225 | Vaults:1 | 35225 ||| FLEEEEING.
 35226 | Vaults:1 | 35226 ||| FLEEEEING.
 35227 | Vaults:1 | 35227 ||| FLEEEEING.
 35228 | Vaults:1 | 35228 ||| FLEEEEING.
 35229 | Vaults:1 | 35229 ||| FLEEEEING.
 35230 | Vaults:1 | 35230 ||| FLEEEEING.
 35231 | Vaults:1 | 35231 ||| FLEEEEING.
 35232 | Vaults:1 | 35232 ||| FLEEEEING.
 35233 | Vaults:1 | 35233 ||| FLEEEEING.
 35234 | Vaults:1 | 35234 ||| FLEEEEING.
 35235 | Vaults:1 | 35235 ||| FLEEEEING.
 35236 | Vaults:1 | 35236 ||| FLEEEEING.
 35237 | Vaults:1 | 35237 ||| FLEEEEING.
 35238 | Vaults:1 | 35238 ||| FLEEEEING.
 35239 | Vaults:1 | 35239 ||| FLEEEEING.
 35250 | Vaults:1 | 35250 ||| FLEEEEING.
 35251 | Vaults:1 | 35251 ||| FLEEEEING.
 35252 | Vaults:1 | 35252 ||| STAIRDANCE
 35354 | D:14     | 35354 ||| UPGRADING to +2 pair of boots of the Monkey
                  | {Will+ Str+7 Dex-4}.
 35364 | D:14     | 35364 ||| DROPPING +2 pair of boots.
 35365 | D:14     | 35365 ||| DROPPING ring of willpower.
 35476 | Vaults:1 | 35476 ||| Stepping ~*~*~tactically~*~*~ (stealth).
 35726 | Abyss:2  | Cast into level 2 of the Abyss (a wizard)
 35770 | Abyss:2  | 35770 ||| Stepping ~*~*~tactically~*~*~ (hiding).
 35772 | Abyss:2  | 35772 ||| Stepping ~*~*~tactically~*~*~ (hiding).
 35775 | Abyss:2  | 35775 ||| Stepping ~*~*~tactically~*~*~ (hiding).
 35777 | Abyss:2  | 35777 ||| Stepping ~*~*~tactically~*~*~ (hiding).
 35906 | Abyss:2  | 35906 ||| Stepping ~*~*~tactically~*~*~ (stealth).
 35907 | Abyss:2  | Noticed a bone dragon
 35908 | Abyss:2  | 35908 ||| Stepping ~*~*~tactically~*~*~ (stealth).
 35911 | Abyss:2  | 35911 ||| Stepping ~*~*~tactically~*~*~ (stealth).
 35913 | Abyss:2  | 35913 ||| Stepping ~*~*~tactically~*~*~ (hiding).
 35921 | Abyss:2  | 35921 ||| Stepping ~*~*~tactically~*~*~ (stealth).
 35935 | Abyss:2  | Reached XP level 20. HP: 125/135 MP: 27/27
 35938 | Abyss:2  | 35938 ||| Stepping ~*~*~tactically~*~*~ (stealth).
 36005 | Abyss:2  | 36005 ||| Stepping ~*~*~tactically~*~*~ (stealth).
 36027 | Abyss:2  | 36027 ||| Stepping ~*~*~tactically~*~*~ (hiding).
 36028 | Abyss:2  | 36028 ||| Stepping ~*~*~tactically~*~*~ (stealth).
 36034 | Abyss:2  | 36034 ||| Stepping ~*~*~tactically~*~*~ (hiding).
 36063 | Abyss:2  | 36063 ||| Stepping ~*~*~tactically~*~*~ (stealth).
 36070 | Abyss:2  | 36070 ||| Stepping ~*~*~tactically~*~*~ (stealth).
 36093 | Abyss:2  | 36093 ||| Stepping ~*~*~tactically~*~*~ (stealth).
 36094 | Abyss:2  | 36094 ||| Stepping ~*~*~tactically~*~*~ (stealth).
 36097 | Abyss:2  | 36097 ||| Stepping ~*~*~tactically~*~*~ (stealth).
 36105 | Abyss:2  | 36105 ||| Stepping ~*~*~tactically~*~*~ (stealth).
 36106 | Abyss:2  | 36106 ||| Stepping ~*~*~tactically~*~*~ (stealth).
 36111 | Abyss:2  | 36111 ||| Stepping ~*~*~tactically~*~*~ (stealth).
 36114 | Abyss:2  | 36114 ||| Stepping ~*~*~tactically~*~*~ (stealth).
 36115 | Abyss:2  | 36115 ||| Stepping ~*~*~tactically~*~*~ (stealth).
 36121 | Abyss:2  | Reached skill level 18 in Fighting
 36123 | Vaults:2 | Escaped the Abyss
 36147 | Vaults:2 | 36147 ||| FLEEEEING.
 36148 | Vaults:2 | 36148 ||| FLEEEEING.
 36154 | Vaults:2 | 36154 ||| FLEEEEING.
 36155 | Vaults:2 | 36155 ||| FLEEEEING.
 36156 | Vaults:2 | 36156 ||| FLEEEEING.
 36157 | Vaults:2 | 36157 ||| FLEEEEING.
 36158 | Vaults:2 | 36158 ||| FLEEEEING.
 36160 | Vaults:2 | 36160 ||| FLEEEEING.
 36161 | Vaults:2 | 36161 ||| FLEEEEING.
 36162 | Vaults:2 | 36162 ||| FLEEEEING.
 36163 | Vaults:2 | 36163 ||| FLEEEEING.
 36164 | Vaults:2 | 36164 ||| FLEEEEING.
 36165 | Vaults:2 | 36165 ||| FLEEEEING.
 36166 | Vaults:2 | 36166 ||| FLEEEEING.
 36167 | Vaults:2 | 36167 ||| FLEEEEING.
 36168 | Vaults:2 | 36168 ||| FLEEEEING.
 36169 | Vaults:2 | 36169 ||| FLEEEEING.
 36170 | Vaults:2 | 36170 ||| FLEEEEING.
 36171 | Vaults:2 | 36171 ||| FLEEEEING.
 36172 | Vaults:2 | 36172 ||| FLEEEEING.
 36173 | Vaults:2 | 36173 ||| FLEEEEING.
 36174 | Vaults:2 | 36174 ||| FLEEEEING.
 36175 | Vaults:2 | 36175 ||| FLEEEEING.
 36176 | Vaults:2 | 36176 ||| FLEEEEING.
 36177 | Vaults:2 | 36177 ||| FLEEEEING.
 36178 | Vaults:2 | 36178 ||| FLEEEEING.
 36179 | Vaults:2 | 36179 ||| FLEEEEING.
 36180 | Vaults:2 | 36180 ||| FLEEEEING.
 36181 | Vaults:2 | 36181 ||| FLEEEEING.
 36182 | Vaults:2 | 36182 ||| FLEEEEING.
 36234 | Vaults:2 | Found a runed translucent door.
 36319 | Vaults:2 | 36319 ||| FLEEEEING.
 36320 | Vaults:2 | 36320 ||| FLEEEEING.
 36321 | Vaults:2 | 36321 ||| FLEEEEING.
 36322 | Vaults:2 | 36322 ||| FLEEEEING.
 36324 | Vaults:2 | 36324 ||| FLEEEEING.
 36325 | Vaults:2 | 36325 ||| FLEEEEING.
 36326 | Vaults:2 | 36326 ||| FLEEEEING.
 36327 | Vaults:2 | 36327 ||| FLEEEEING.
 36328 | Vaults:2 | 36328 ||| FLEEEEING.
 36329 | Vaults:2 | 36329 ||| FLEEEEING.
 36330 | Vaults:2 | 36330 ||| FLEEEEING.
 36331 | Vaults:2 | 36331 ||| FLEEEEING.
 36332 | Vaults:2 | 36332 ||| FLEEEEING.
 36333 | Vaults:2 | 36333 ||| FLEEEEING.
 36334 | Vaults:2 | 36334 ||| FLEEEEING.
 36347 | Vaults:2 | 36347 ||| FLEEEEING.
 36348 | Vaults:2 | 36348 ||| FLEEEEING.
 36349 | Vaults:2 | 36349 ||| FLEEEEING.
 36350 | Vaults:2 | 36350 ||| FLEEEEING.
 36351 | Vaults:2 | 36351 ||| FLEEEEING.
 36352 | Vaults:2 | 36352 ||| FLEEEEING.
 36353 | Vaults:2 | 36353 ||| FLEEEEING.
 36354 | Vaults:2 | 36354 ||| FLEEEEING.
 36355 | Vaults:2 | 36355 ||| FLEEEEING.
 36356 | Vaults:2 | 36356 ||| FLEEEEING.
 36357 | Vaults:2 | 36357 ||| FLEEEEING.
 36358 | Vaults:2 | 36358 ||| FLEEEEING.
 36359 | Vaults:2 | 36359 ||| FLEEEEING.
 36360 | Vaults:2 | 36360 ||| FLEEEEING.
 36361 | Vaults:2 | 36361 ||| FLEEEEING.
 36362 | Vaults:2 | 36362 ||| FLEEEEING.
 36363 | Vaults:2 | 36363 ||| FLEEEEING.
 36364 | Vaults:2 | 36364 ||| FLEEEEING.
 36365 | Vaults:2 | 36365 ||| FLEEEEING.
 36366 | Vaults:2 | 36366 ||| FLEEEEING.
 36367 | Vaults:2 | 36367 ||| FLEEEEING.
 36368 | Vaults:2 | 36368 ||| FLEEEEING.
 36371 | Vaults:2 | 36371 ||| FLEEEEING.
 36372 | Vaults:2 | 36372 ||| STAIRDANCE
 36497 | Vaults:2 | 36497 ||| Stepping ~*~*~tactically~*~*~ (hiding).
 36688 | Vaults:2 | 36688 ||| Stepping ~*~*~tactically~*~*~ (hiding).
 36690 | Vaults:2 | 36690 ||| Stepping ~*~*~tactically~*~*~ (hiding).
 36691 | Vaults:2 | 36691 ||| Stepping ~*~*~tactically~*~*~ (hiding).
 36693 | Vaults:2 | 36693 ||| Stepping ~*~*~tactically~*~*~ (hiding).
 36694 | Vaults:2 | 36694 ||| Stepping ~*~*~tactically~*~*~ (hiding).
 36803 | Vaults:2 | 36803 ||| Stepping ~*~*~tactically~*~*~ (hiding).
 36805 | Vaults:2 | 36805 ||| Stepping ~*~*~tactically~*~*~ (hiding).
 36806 | Vaults:2 | 36806 ||| Stepping ~*~*~tactically~*~*~ (hiding).
 36807 | Vaults:2 | 36807 ||| Stepping ~*~*~tactically~*~*~ (hiding).
 36808 | Vaults:2 | 36808 ||| Stepping ~*~*~tactically~*~*~ (hiding).
 36819 | Vaults:2 | 36819 ||| Stepping ~*~*~tactically~*~*~ (hiding).
 36820 | Vaults:2 | 36820 ||| Stepping ~*~*~tactically~*~*~ (hiding).
 36821 | Vaults:2 | 36821 ||| Stepping ~*~*~tactically~*~*~ (hiding).
 36822 | Vaults:2 | 36822 ||| Stepping ~*~*~tactically~*~*~ (hiding).
 36829 | Vaults:2 | Received a gift from Okawaru
 36948 | Vaults:2 | Noticed qw's ghost (adept GrFi)
 36992 | Vaults:2 | 36992 ||| INVOKING Heroism.
 36998 | Vaults:2 | Noticed Sojobo
 36999 | Vaults:2 | 36999 ||| INVOKING Finesse.
 37013 | Vaults:2 | Killed Sojobo
 37014 | Vaults:2 | Reached skill level 18 in Armour
 37217 | Vaults:2 | 37217 ||| Stepping ~*~*~tactically~*~*~ (stealth).
 37225 | Vaults:2 | 37225 ||| FLEEEEING.
 37226 | Vaults:2 | 37226 ||| FLEEEEING.
 37227 | Vaults:2 | 37227 ||| FLEEEEING.
 37228 | Vaults:2 | 37228 ||| FLEEEEING.
 37229 | Vaults:2 | 37229 ||| FLEEEEING.
 37230 | Vaults:2 | 37230 ||| FLEEEEING.
 37231 | Vaults:2 | 37231 ||| FLEEEEING.
 37232 | Vaults:2 | 37232 ||| FLEEEEING.
 37236 | Vaults:2 | 37236 ||| FLEEEEING.
 37237 | Vaults:2 | 37237 ||| FLEEEEING.
 37238 | Vaults:2 | 37238 ||| FLEEEEING.
 37239 | Vaults:2 | 37239 ||| FLEEEEING.
 37240 | Vaults:2 | 37240 ||| FLEEEEING.
 37241 | Vaults:2 | 37241 ||| FLEEEEING.
 37242 | Vaults:2 | 37242 ||| FLEEEEING.
 37243 | Vaults:2 | 37243 ||| FLEEEEING.
 37244 | Vaults:2 | 37244 ||| FLEEEEING.
 37245 | Vaults:2 | 37245 ||| FLEEEEING.
 37246 | Vaults:2 | 37246 ||| FLEEEEING.
 37247 | Vaults:2 | 37247 ||| FLEEEEING.
 37249 | Vaults:2 | 37249 ||| FLEEEEING.
 37250 | Vaults:2 | 37250 ||| STAIRDANCE
 37443 | Vaults:2 | Found Buvuohish's Distillery.
 37450 | Vaults:2 | 37450 ||| BUYING 2 potions of curing (132 gold).
 37450 | Vaults:2 | Bought 2 potions of curing for 132 gold pieces
 37450 | Vaults:2 | 37450 ||| BUYING potion of curing (66 gold).
 37450 | Vaults:2 | Bought a potion of curing for 66 gold pieces
 37450 | Vaults:2 | 37450 ||| BUYING potion of curing (66 gold).
 37450 | Vaults:2 | Bought a potion of curing for 66 gold pieces
 37450 | Vaults:2 | 37450 ||| BUYING potion of haste (220 gold).
 37450 | Vaults:2 | Bought a potion of haste for 220 gold pieces
 37450 | Vaults:2 | 37450 ||| BUYING potion of lignification (66 gold).
 37450 | Vaults:2 | Bought a potion of lignification for 66 gold pieces
 37450 | Vaults:2 | 37450 ||| BUYING potion of mutation (176 gold).
 37450 | Vaults:2 | Bought a potion of mutation for 176 gold pieces
 37450 | Vaults:2 | 37450 ||| SHOPLISTING potion of resistance (220 gold, have
                  | 162).
 37523 | Vaults:2 | 37523 ||| Stepping ~*~*~tactically~*~*~ (hiding).
 37529 | Vaults:2 | Received a gift from Okawaru
 38592 | Vaults:3 | Received a gift from Okawaru
 38661 | Vaults:3 | 38661 ||| Stepping ~*~*~tactically~*~*~ (hiding).
 38665 | Vaults:3 | 38665 ||| INVOKING Heroism.
 38824 | Vaults:3 | 38824 ||| Stepping ~*~*~tactically~*~*~ (hiding).
 38826 | Vaults:3 | 38826 ||| INVOKING Finesse.
 38827 | Vaults:3 | 38827 ||| Stepping ~*~*~tactically~*~*~ (hiding).
 38829 | Vaults:3 | 38829 ||| Stepping ~*~*~tactically~*~*~ (hiding).
 38952 | Vaults:3 | Reached skill level 19 in Fighting
 38975 | Vaults:3 | 38975 ||| Stepping ~*~*~tactically~*~*~ (stealth).
 38988 | Vaults:3 | 38988 ||| Stepping ~*~*~tactically~*~*~ (hiding).
 38991 | Vaults:3 | Received a gift from Okawaru
 39073 | Vaults:3 | 39073 ||| Stepping ~*~*~tactically~*~*~ (hiding).
 39206 | Vaults:3 | Found Jump's General Store.
 39212 | Vaults:3 | 39212 ||| SHOPLISTING +1 cloak of the Unseen Realm {Str+3}
                  | (319 gold, have 260).
 39238 | Vaults:3 | 39238 ||| Stepping ~*~*~tactically~*~*~ (hiding).
 39247 | Vaults:3 | 39247 ||| INVOKING Heroism.
 39296 | Vaults:3 | 39296 ||| FLEEEEING.
 39297 | Vaults:3 | 39297 ||| FLEEEEING.
 39300 | Vaults:3 | 39300 ||| FLEEEEING.
 39301 | Vaults:3 | 39301 ||| FLEEEEING.
 39302 | Vaults:3 | 39302 ||| FLEEEEING.
 39303 | Vaults:3 | 39303 ||| FLEEEEING.
 39304 | Vaults:3 | 39304 ||| FLEEEEING.
 39305 | Vaults:3 | 39305 ||| FLEEEEING.
 39306 | Vaults:3 | 39306 ||| FLEEEEING.
 39307 | Vaults:3 | 39307 ||| FLEEEEING.
 39308 | Vaults:3 | 39308 ||| FLEEEEING.
 39309 | Vaults:3 | 39309 ||| FLEEEEING.
 39310 | Vaults:3 | 39310 ||| FLEEEEING.
 39311 | Vaults:3 | 39311 ||| FLEEEEING.
 39312 | Vaults:3 | 39312 ||| FLEEEEING.
 39313 | Vaults:3 | 39313 ||| FLEEEEING.
 39314 | Vaults:3 | 39314 ||| FLEEEEING.
 39315 | Vaults:3 | 39315 ||| FLEEEEING.
 39316 | Vaults:3 | 39316 ||| FLEEEEING.
 39317 | Vaults:3 | 39317 ||| FLEEEEING.
 39318 | Vaults:3 | 39318 ||| FLEEEEING.
 39319 | Vaults:3 | 39319 ||| FLEEEEING.
 39320 | Vaults:3 | 39320 ||| FLEEEEING.
 39321 | Vaults:3 | 39321 ||| FLEEEEING.
 39322 | Vaults:3 | 39322 ||| FLEEEEING.
 39323 | Vaults:3 | 39323 ||| FLEEEEING.
 39324 | Vaults:3 | 39324 ||| FLEEEEING.
 39462 | Vaults:3 | 39462 ||| FLEEEEING.
 39463 | Vaults:3 | 39463 ||| FLEEEEING.
 39464 | Vaults:3 | 39464 ||| FLEEEEING.
 39465 | Vaults:3 | 39465 ||| FLEEEEING.
 39466 | Vaults:3 | 39466 ||| FLEEEEING.
 39467 | Vaults:3 | 39467 ||| FLEEEEING.
 39468 | Vaults:3 | 39468 ||| FLEEEEING.
 39469 | Vaults:3 | 39469 ||| FLEEEEING.
 39471 | Vaults:3 | 39471 ||| FLEEEEING.
 39472 | Vaults:3 | 39472 ||| FLEEEEING.
 39473 | Vaults:3 | 39473 ||| FLEEEEING.
 39474 | Vaults:3 | 39474 ||| FLEEEEING.
 39475 | Vaults:3 | 39475 ||| FLEEEEING.
 39513 | Vaults:3 | 39513 ||| Stepping ~*~*~tactically~*~*~ (stealth).
 39516 | Vaults:3 | 39516 ||| FLEEEEING.
 39816 | Vaults:3 | Found a staircase to the Crypt.
 39816 | Vaults:3 | Found a basalt altar of Yredelemnul.
 39816 | Vaults:3 | Found an ancient bone altar of Kikubaaqudgha.
 39965 | Vaults:3 | 39965 ||| DROPPING +1 pair of boots.
 39989 | Vaults:4 | 39989 ||| STAIRDANCE
 40048 | Vaults:4 | Reached XP level 21. HP: 144/144 MP: 28/28
 40069 | Vaults:4 | 40069 ||| Stepping ~*~*~tactically~*~*~ (hiding).
 40095 | Vaults:4 | 40095 ||| Stepping ~*~*~tactically~*~*~ (hiding).
 40096 | Vaults:4 | 40096 ||| Stepping ~*~*~tactically~*~*~ (hiding).
 40098 | Vaults:4 | 40098 ||| Stepping ~*~*~tactically~*~*~ (hiding).
 40104 | Vaults:4 | 40104 ||| Stepping ~*~*~tactically~*~*~ (hiding).
 40105 | Vaults:4 | 40105 ||| Stepping ~*~*~tactically~*~*~ (hiding).
 40288 | Vaults:4 | 40288 ||| Stepping ~*~*~tactically~*~*~ (hiding).
 40440 | Vaults:4 | 40440 ||| Stepping ~*~*~tactically~*~*~ (hiding).
 40441 | Vaults:4 | 40441 ||| Stepping ~*~*~tactically~*~*~ (hiding).
 40539 | Vaults:4 | Found Ehay's Magic Scroll Shoppe.
 40565 | Vaults:4 | 40565 ||| INVOKING Heroism.
 40719 | Vaults:4 | 40719 ||| FLEEEEING.
 40724 | Vaults:4 | 40724 ||| FLEEEEING.
 40725 | Vaults:4 | 40725 ||| FLEEEEING.
 40726 | Vaults:4 | 40726 ||| FLEEEEING.
 40727 | Vaults:4 | 40727 ||| FLEEEEING.
 40728 | Vaults:4 | 40728 ||| FLEEEEING.
 40729 | Vaults:4 | 40729 ||| FLEEEEING.
 40730 | Vaults:4 | 40730 ||| FLEEEEING.
 40732 | Vaults:4 | 40732 ||| Stepping ~*~*~tactically~*~*~ (hiding).
 40740 | Vaults:4 | 40740 ||| INVOKING Heroism.
 40741 | Vaults:4 | 40741 ||| INVOKING Finesse.
 40747 | Vaults:4 | Received a gift from Okawaru
 40785 | Vaults:4 | Received a gift from Okawaru
 40800 | Vaults:4 | 40800 ||| Stepping ~*~*~tactically~*~*~ (hiding).
 40889 | Vaults:4 | 40889 ||| FLEEEEING.
 40892 | Vaults:4 | 40892 ||| FLEEEEING.
 40893 | Vaults:4 | 40893 ||| FLEEEEING.
 40894 | Vaults:4 | 40894 ||| FLEEEEING.
 40895 | Vaults:4 | 40895 ||| FLEEEEING.
 40896 | Vaults:4 | 40896 ||| FLEEEEING.
 40897 | Vaults:4 | 40897 ||| FLEEEEING.
 40898 | Vaults:4 | 40898 ||| FLEEEEING.
 40903 | Vaults:4 | 40903 ||| FLEEEEING.
 40909 | Vaults:4 | 40909 ||| FLEEEEING.
 40917 | Vaults:4 | 40917 ||| FLEEEEING.
 40922 | Vaults:4 | 40922 ||| FLEEEEING.
 40923 | Vaults:4 | 40923 ||| FLEEEEING.
 40932 | Vaults:4 | 40932 ||| FLEEEEING.
 40936 | Vaults:4 | 40936 ||| FLEEEEING.
 40937 | Vaults:4 | 40937 ||| FLEEEEING.
 40938 | Vaults:4 | 40938 ||| FLEEEEING.
 40939 | Vaults:4 | 40939 ||| FLEEEEING.
 40940 | Vaults:4 | 40940 ||| FLEEEEING.
 40941 | Vaults:4 | 40941 ||| FLEEEEING.
 40942 | Vaults:4 | 40942 ||| FLEEEEING.
 40943 | Vaults:4 | 40943 ||| FLEEEEING.
 40944 | Vaults:4 | 40944 ||| FLEEEEING.
 40945 | Vaults:4 | 40945 ||| FLEEEEING.
 40946 | Vaults:4 | 40946 ||| FLEEEEING.
 41105 | Vaults:4 | Reached skill level 20 in Fighting
 41455 | Vaults:4 | 41455 ||| Stepping ~*~*~tactically~*~*~ (hiding).
 41528 | Vaults:4 | 41528 ||| PLANNING SWAMP:4
 41556 | Vaults:4 | 41556 ||| PLANNING VAULTS:1-4
 41557 | Vaults:4 | 41557 ||| PLANNING SWAMP:4
 41578 | Vaults:4 | 41578 ||| PLANNING VAULTS:1-4
 41579 | Vaults:4 | 41579 ||| PLANNING SWAMP:4
 41586 | Vaults:4 | 41586 ||| PLANNING VAULTS:1-4
 41587 | Vaults:4 | 41587 ||| PLANNING SWAMP:4
 41631 | Vaults:4 | 41631 ||| PLANNING VAULTS:1-4
 41632 | Vaults:4 | 41632 ||| PLANNING SWAMP:4
 41644 | Vaults:4 | 41644 ||| PLANNING VAULTS:1-4
 41645 | Vaults:4 | 41645 ||| PLANNING SWAMP:4
 41689 | Vaults:4 | 41689 ||| PLANNING VAULTS:1-4
 41690 | Vaults:4 | 41690 ||| PLANNING SWAMP:4
 41752 | Vaults:4 | 41752 ||| PLANNING VAULTS:1-4
 41753 | Vaults:4 | 41753 ||| PLANNING SWAMP:4
 41816 | Vaults:4 | 41816 ||| PLANNING VAULTS:1-4
 41817 | Vaults:4 | 41817 ||| PLANNING SWAMP:4
 41876 | Vaults:4 | 41876 ||| PLANNING VAULTS:1-4
 41877 | Vaults:4 | 41877 ||| PLANNING SWAMP:4
 41963 | Vaults:4 | 41963 ||| Stepping ~*~*~tactically~*~*~ (stealth).
 42304 | Swamp:4  | Entered Level 4 of the Swamp
 42322 | Swamp:4  | Received a gift from Okawaru
 42323 | Swamp:4  | 42323 ||| INVOKING Heroism.
 42505 | Swamp:4  | 42505 ||| DROPPING +0 broad axe.
 42563 | Swamp:4  | 42563 ||| INVOKING Heroism.
 42592 | Swamp:4  | 42592 ||| Stepping ~*~*~tactically~*~*~ (stealth).
 42678 | Swamp:4  | Got a decaying rune of Zot
 42718 | Swamp:4  | 42718 ||| Stepping ~*~*~tactically~*~*~ (hiding).
 42754 | Swamp:4  | 42754 ||| Stepping ~*~*~tactically~*~*~ (hiding).
 42760 | Swamp:4  | 42760 ||| Stepping ~*~*~tactically~*~*~ (hiding).
 42789 | Swamp:4  | 42789 ||| Stepping ~*~*~tactically~*~*~ (stealth).
 42792 | Swamp:4  | 42792 ||| Stepping ~*~*~tactically~*~*~ (hiding).
 42803 | Swamp:4  | Reached skill level 21 in Shields
 42829 | Swamp:4  | 42829 ||| Stepping ~*~*~tactically~*~*~ (hiding).
 43039 | Swamp:4  | 43039 ||| Stepping ~*~*~tactically~*~*~ (hiding).
 43059 | Swamp:4  | Identified the +1 cloak "Qeetimm" {rPois} (Okawaru gifted
                  | it to you on level 4 of the Swamp)
 43059 | Swamp:4  | Received a gift from Okawaru
 43389 | Swamp:4  | 43389 ||| PLANNING DEPTHS
 43389 | Swamp:4  | 43389 ||| UPGRADING to +1 cloak "Qeetimm" {rPois}.
 43399 | Swamp:4  | 43399 ||| DROPPING +0 cloak.
 43400 | Swamp:4  | 43400 ||| DROPPING ring of ice.
 43401 | Swamp:4  | 43401 ||| READING 2 scrolls of teleportation.
 43404 | Swamp:4  | 43404 ||| READING scroll of teleportation.
 43638 | Depths:1 | Entered Level 1 of the Depths
 43641 | Depths:1 | 43641 ||| Stepping ~*~*~tactically~*~*~ (stealth).
 43693 | Depths:1 | 43693 ||| Stepping ~*~*~tactically~*~*~ (hiding).
 43694 | Depths:1 | 43694 ||| Stepping ~*~*~tactically~*~*~ (hiding).
 43695 | Depths:1 | 43695 ||| Stepping ~*~*~tactically~*~*~ (hiding).
 43717 | Depths:1 | 43717 ||| Stepping ~*~*~tactically~*~*~ (hiding).
 43719 | Depths:1 | 43719 ||| Stepping ~*~*~tactically~*~*~ (hiding).
 43724 | Depths:1 | 43724 ||| INVOKING Heroism.
 43727 | Depths:1 | 43727 ||| Stepping ~*~*~tactically~*~*~ (hiding).
 43886 | Depths:1 | Found a one-way gate leading to the halls of Pandemonium.
 43953 | Depths:1 | 43953 ||| FLEEEEING.
 43954 | Depths:1 | 43954 ||| FLEEEEING.
 44042 | Depths:1 | Found a stormy altar of Qazlal.
 44133 | Depths:1 | 44133 ||| Stepping ~*~*~tactically~*~*~ (stealth).
 44280 | Depths:1 | Reached skill level 21 in Fighting
 44303 | Depths:1 | 44303 ||| Stepping ~*~*~tactically~*~*~ (hiding).
 44304 | Depths:1 | 44304 ||| INVOKING Finesse.
 44310 | Depths:1 | 44310 ||| Stepping ~*~*~tactically~*~*~ (stealth).
 44318 | Depths:1 | 44318 ||| Stepping ~*~*~tactically~*~*~ (stealth).
 44356 | Depths:1 | Reached XP level 22. HP: 154/155 MP: 29/29
 44393 | Depths:1 | 44393 ||| Stepping ~*~*~tactically~*~*~ (hiding).
 44537 | Depths:1 | Found a gateway to Hell.
 44789 | Depths:1 | Found a radiant altar of Vehumet.
 44935 | Depths:2 | 44935 ||| Stepping ~*~*~tactically~*~*~ (stealth).
 44936 | Depths:2 | 44936 ||| INVOKING Finesse.
 44981 | Depths:2 | 44981 ||| INVOKING Heroism.
 45109 | Depths:2 | 45109 ||| Stepping ~*~*~tactically~*~*~ (stealth).
 45209 | Depths:2 | 45209 ||| Stepping ~*~*~tactically~*~*~ (hiding).
 45228 | Depths:2 | 45228 ||| INVOKING Heroism.
 45487 | Depths:2 | 45487 ||| INVOKING Heroism.
 45488 | Depths:2 | 45488 ||| INVOKING Finesse.
 45498 | Depths:2 | 45498 ||| Stepping ~*~*~tactically~*~*~ (stealth).
 45499 | Depths:2 | 45499 ||| Stepping ~*~*~tactically~*~*~ (stealth).
 45500 | Depths:2 | 45500 ||| Stepping ~*~*~tactically~*~*~ (stealth).
 45525 | Depths:2 | 45525 ||| Stepping ~*~*~tactically~*~*~ (hiding).
 45526 | Depths:2 | 45526 ||| Stepping ~*~*~tactically~*~*~ (hiding).
 45752 | Depths:2 | 45752 ||| Stepping ~*~*~tactically~*~*~ (hiding).
 46036 | Depths:2 | 46036 ||| FLEEEEING.
 46039 | Depths:2 | 46039 ||| FLEEEEING.
 46040 | Depths:2 | 46040 ||| FLEEEEING.
 46185 | Depths:2 | Found a basalt altar of Yredelemnul.
 46273 | Depths:2 | 46273 ||| Stepping ~*~*~tactically~*~*~ (hiding).
 46285 | Depths:2 | 46285 ||| INVOKING Heroism.
 46287 | Depths:2 | 46287 ||| Stepping ~*~*~tactically~*~*~ (hiding).
 46308 | Depths:2 | Received a gift from Okawaru
 46339 | Depths:2 | 46339 ||| INVOKING Heroism.
 46346 | Depths:2 | 46346 ||| Stepping ~*~*~tactically~*~*~ (hiding).
 46383 | Depths:2 | 46383 ||| FLEEEEING.
 46491 | Depths:2 | 46491 ||| Stepping ~*~*~tactically~*~*~ (stealth).
 46493 | Depths:2 | 46493 ||| Stepping ~*~*~tactically~*~*~ (hiding).
 46503 | Depths:2 | Gained mutation: You occasionally shout uncontrollably at
                  | your foes. [a cacodemon]
 46519 | Depths:2 | Received a gift from Okawaru
 46587 | Depths:2 | Found the +6 Majin-Bo {spellvamp, MP+6 Int+6}
 46633 | Depths:2 | 46633 ||| READING scroll of enchant weapon.
 46633 | Depths:2 | 46633 ||| ENCHANTING +6 spectral war axe.
 46804 | Depths:2 | 46804 ||| Stepping ~*~*~tactically~*~*~ (hiding).
 46806 | Depths:2 | 46806 ||| INVOKING Heroism.
 46823 | Depths:2 | 46823 ||| INVOKING Finesse.
 46843 | Depths:2 | HP: 37/149 [skeletal warrior/+0 great mace (12)]
 46844 | Depths:2 | 46844 ||| DRINKING potion of heal wounds.
 46849 | Depths:2 | HP: 23/151 [skeletal warrior/+0 great mace (10)]
 46851 | Depths:2 | Reached skill level 12 in Throwing
 46857 | Depths:2 | Reached skill level 22 in Fighting
 46859 | Depths:2 | HP: 16/156 [frost giant zombie (8)]
 46867 | Depths:2 | HP: 12/156 [skeletal warrior/+0 glaive (6)]
 47280 | Depths:3 | 47280 ||| INVOKING Finesse.
 47292 | Depths:3 | Received a gift from Okawaru
 47355 | Depths:3 | Found a transporter.
 47359 | Depths:3 | Noticed qw's ghost (veteran GrFi)
 47361 | Depths:3 | Identified the +8 great mace "Tuylaun" {heavy, +Blink rF-
                  | rN++ Str+2}
 47361 | Depths:3 | Identified the +6 great mace of Calamity {flame, rPois}
 47366 | Depths:3 | Found a transporter.
 47461 | Depths:3 | 47461 ||| Stepping ~*~*~tactically~*~*~ (hiding).
 47644 | Depths:3 | Found a one-way gate to the infinite horrors of the Abyss.
 47863 | Depths:3 | Found a blossoming altar of Fedhas.
 47877 | Depths:3 | Noticed a golden dragon
 47878 | Depths:3 | 47878 ||| INVOKING Heroism.
 47880 | Depths:3 | 47880 ||| INVOKING Finesse.
 47887 | Depths:3 | Received a gift from Okawaru
 47890 | Depths:3 | Killed a golden dragon
 47963 | Depths:3 | 47963 ||| Stepping ~*~*~tactically~*~*~ (hiding).
 47964 | Depths:3 | 47964 ||| Stepping ~*~*~tactically~*~*~ (hiding).
 48254 | Depths:3 | 48254 ||| INVOKING Heroism.
 48255 | Depths:3 | 48255 ||| INVOKING Finesse.
 48399 | Depths:3 | 48399 ||| DROPPING +0 ice dragon scales.
 48439 | Depths:4 | Entered Level 4 of the Depths
 48473 | Depths:4 | Reached skill level 21 in Armour
 48482 | Depths:4 | Reached XP level 23. HP: 117/162 MP: 30/30
 48638 | Depths:4 | 48638 ||| Stepping ~*~*~tactically~*~*~ (stealth).
 48643 | Depths:4 | 48643 ||| Stepping ~*~*~tactically~*~*~ (stealth).
 48646 | Depths:4 | Noticed a juggernaut
 48647 | Depths:4 | 48647 ||| INVOKING Heroism.
 48663 | Depths:4 | Killed a juggernaut
 48664 | Depths:4 | 48664 ||| INVOKING Finesse.
 48795 | Depths:4 | 48795 ||| INVOKING Heroism.
 48839 | Depths:4 | Noticed a golden dragon
 48839 | Depths:4 | Noticed a golden dragon
 48840 | Depths:4 | 48840 ||| INVOKING Heroism.
 48846 | Depths:4 | Killed a golden dragon
 48849 | Depths:4 | Killed a golden dragon
 48854 | Depths:4 | Noticed a golden dragon
 48864 | Depths:4 | Killed a golden dragon
 48867 | Depths:4 | 48867 ||| INVOKING Finesse.
 49070 | Depths:4 | 49070 ||| INVOKING Heroism.
 49112 | Depths:4 | Found a runed translucent gate.
 49114 | Depths:4 | Found a runed translucent gate.
 49114 | Depths:4 | Found an opulent altar of Gozag.
 49115 | Depths:4 | Found a runed translucent gate.
 49138 | Depths:4 | Found Jiropire's Assorted Antiques.
 49138 | Depths:4 | Found Jeuch's Assorted Antiques.
 49140 | Depths:4 | Noticed Plog's ghost (adept DgCj)
 49171 | Depths:4 | 49171 ||| INVOKING Heroism.
 49197 | Depths:4 | 49197 ||| FLEEEEING.
 49213 | Depths:4 | 49213 ||| FLEEEEING.
 49217 | Depths:4 | 49217 ||| FLEEEEING.
 49218 | Depths:4 | 49218 ||| STAIRDANCE
 49291 | Depths:4 | Found a white marble altar of Elyvilon.
 49350 | Depths:4 | Found a one-way gateway to a ziggurat.
 49394 | Depths:4 | Found Axapn's Book Shop.
 49395 | Depths:4 | Found Xumek's Jewellery Shoppe.
 49395 | Depths:4 | Found Efucuonod's Jewellery Shoppe.
 49401 | Depths:4 | 49401 ||| BUYING +5 ring of evasion (612 gold).
 49401 | Depths:4 | Bought a +5 ring of evasion for 612 gold pieces
 49401 | Depths:4 | 49401 ||| SHOPLISTING amulet "Waech" {Spirit Dex+2} (700
                  | gold, have 384).
 49401 | Depths:4 | 49401 ||| SHOPLISTING amulet of regeneration (510 gold,
                  | have 384).
 49405 | Depths:4 | 49405 ||| SHOPLISTING amulet "Qaysan" {Acrobat Dex+6} (1091
                  | gold, have 384).
 49405 | Depths:4 | 49405 ||| SHOPLISTING amulet of Agoirep {Acrobat rPois rN+
                  | Str+2} (1091 gold, have 384).
 49405 | Depths:4 | 49405 ||| SHOPLISTING ring of protection from fire (550
                  | gold, have 384).
 49440 | Depths:4 | 49440 ||| Stepping ~*~*~tactically~*~*~ (hiding).
 49442 | Depths:4 | 49442 ||| Stepping ~*~*~tactically~*~*~ (hiding).
 49500 | Depths:4 | 49500 ||| Stepping ~*~*~tactically~*~*~ (hiding).
 49581 | Depths:4 | 49581 ||| INVOKING Heroism.
 49582 | Depths:4 | Noticed a juggernaut
 49597 | Depths:4 | Killed a juggernaut
 49603 | Depths:4 | HP: 37/164 [green draconian monk (6)]
 49604 | Depths:4 | 49604 ||| READING scroll of teleportation.
 49609 | Depths:4 | HP: 24/164 [green draconian monk (2)]
 49612 | Depths:4 | Killed from afar by a red draconian scorcher

Levels and vault maps discovered:
D:1:      matt_arrival_los_fun, layout_basic, shapermc_ecumenical_altar_gd,
          minmay_worlds_worst_comb
D:2:      layout_basic
D:3:      layout_basic
D:4:      minmay_spotlight, layout_basic, gammafunk_temple_overflow_statue,
          serial_shops, shop
D:5:      layout_loops_corners, kennysheep_cluttered_room, minmay_checkerbox,
          uniq_edmund
D:6:      lemuel_slime, layout_basic, mainiacjoe_overflow_small_starburst,
          minmay_temple_entry_ruins, enter_ossuary_4,
          hangedman_abyss_or_decor_slice, minmay_misc_feat_ornament,
          uniq_eustachio
D:7:      cheibrodos_grave_circle, layout_rooms, mainiacjoe_overflow_paths,
          gammafunk_temple_overflow_pools, uniq_maggie
D:8:      layout_gridville, lair_entry_dummy, enter_bailey_5, st_stairs_7,
          grunt_livestock, serial_bayou_crossing
D:9:      layout_small_grid, kennysheep_little_box, minmay_radiant, uniq_maurice
D:10:     minmay_the_grid_3x2 [minmay_the_grid_plusring,
          minmay_the_grid_all_tris, minmay_the_grid_square_x,
          minmay_the_grid_outer_circle, minmay_the_grid_armoury,
          minmay_the_grid_prize_shrinking_boxes], layout_basic
D:11:     layout_basic, cheibrodos_ashenzari_chains
D:12:     layout_loops_ring, uniq_nergalle, uniq_urug
D:13:     layout_irregular_city, serial_ice, serial_ice_m, serial_ice_b,
          serial_ice_h, serial_ice_g, serial_shops, shop
D:14:     layout_rooms, david_vaults_1, special_room
          [special_room_mythical_zoo], enter_trove_3, gauntlet_entry_generic,
          okawaru_gym_becter
D:15:     grunt_enter_depths_snipers, layout_stronghold, serial_undead,
          serial_undead_d, serial_undead_b, serial_undead_c, serial_undead_d,
          serial_undead_c, serial_undead_c, trog_three_pillars_becter,
          nicolae_water_bricks, dk_noncrumbling_4
Lair:1:   layout_cave_shapes, uniq_amaemon
Lair:2:   nzn_winding_woodlands_cross [nzn_winding_woodlands_5x15_garden,
          nzn_winding_woodlands_5x15_eye, nzn_winding_woodlands_5x15_zeroes,
          nzn_winding_woodlands_5x15_longhouse,
          nzn_winding_woodlands_15x15_thick_spiral], layout_regular_city,
          nicolae_snake_entry_warm_welcome
Lair:3:   layout_misc_corridors, skrybe_swamp_entry_bodies
Lair:4:   layout_gridlike, minmay_slime_entry_pillars,
          chequers_serial_rivers_micro_e, infiniplex_staircase_pool
Lair:5:   gammafunk_lair_ancient_temple, layout_regular_city
Swamp:1:  layout_basic_swamp, evilmike_swamp_ruin_house_6
Swamp:2:  nicolae_swamp_wrong_neighborhood, layout_falls_marsh,
          evilmike_swamp_ruin_rubble_1, swamp_pool5
Swamp:3:  layout_falls_marsh, nicolae_swamp_godswood, nzn_swamp_dancing_lights,
          uniq_louise
Swamp:4:  swamp_vile, layout_basic_swamp, swamp_pool1
Snake:1:  layout_misc_corridors, uniq_mlioglotl, uniq_aizul
Snake:2:  layout_honeycomb, serial_shops, nicolae_shop_just_a_little_nook,
          nicolae_shop_peninsula, st_stairs_14, nicolae_coiled_stairwell_up,
          uniq_azrael, uniq_nikola, uniq_saint_roka, uniq_vashnia
Snake:3:  layout_basic, ebering_ghost_rock_garden, uniq_asterion
Snake:4:  snake_pit_salamanders_mu, layout_misc_corridors, grunt_megastairs_1
Orc:1:    layout_caves, serial_shops, nicolae_shop_bloodbath_and_beyond,
          nicolae_shop_firing_range
Orc:2:    st_orc_ogre_mass, layout_caves, nicolae_shop_gadgets, uniq_jorgrun
Vaults:1: v_misc_11, grunt_vaults_focal, nicolae_vaults_statue_guard, v_misc_15,
          ontoclasm_vaults_loading_screen, vaults_room_pools,
          nicolae_vaults_network_quinsquares
          [nicolae_vaults_network_quincunx_subvault,
          nicolae_vaults_network_quincunx_subvault,
          nicolae_vaults_network_quincunx_subvault,
          nicolae_vaults_network_quincunx_subvault], layout_vaults_omnigrid
Vaults:2: hellmonk_ghost_big_iron, hangedman_vaults_nodes,
          hangedman_vaults_stream, vaults_room_semicircle,
          nicolae_vaults_double_plus_1, vaults_room_door_hall, v_misc_10,
          vaults_room_pools, layout_vaults_chaotic_city, serial_shops, shop,
          uniq_sojobo
Vaults:3: nicolae_vaults_offset_grid_hallway_1, hangedman_vaults_stitches,
          nicolae_vaults_trapezoid_4, nicolae_vaults_ninety_degrees,
          vaults_dpeg_diagonal, minmay_crypt_entry_necro_gods,
          nicolae_vaults_diamond_2, vaults_room_door_ring,
          nicolae_vaults_alarming, grunt_vaults_funnel, ontoclasm_vaults_chip,
          vaults_standard_mumra_lines, nicolae_vaults_shipping_containers_1,
          vaults_room_pool, layout_vaults_ring, serial_shops, shop
Vaults:4: v_misc_12, hangedman_vaults_locks, v_misc_25,
          ontoclasm_vaults_gallery, nicolae_vaults_storage_room_doors,
          nicolae_vaults_two_Ls, ontoclasm_vaults_loading_screen,
          nicolae_vaults_weapon_check, nicolae_vaults_tetromino_T_1, v_misc_9,
          nicolae_vaults_offset_grid_hallway_2, vaults_standard_mumra_x,
          hangedman_vaults_nails, nicolae_vaults_rhombus_6,
          ontoclasm_vaults_ligature, nicolae_vaults_circle_grid_b,
          layout_vaults_maze, serial_shops, nicolae_shop_rolled_up
Depths:1: layout_basic, grunt_pan_entry_sceptre, fiery_altar_vehumet,
          serial_bayou, serial_bayou_pond_c, serial_bayou_pond_e,
          serial_bayou_shore_a, serial_bayou_pond_c, pf_coc_iceberg,
          nicolae_qazlal_general_emergency
Depths:2: kennysheep_demon_jail, layout_basic, special_room
          [special_room_morgue], pan_entry, grunt_hell_entry_dis_mu,
          minmay_stone_trees_small, yredelemnul_forgotten_temple_becter
Depths:3: minmay_bloctagon_deflated, layout_gridlike, minmay_room_of_horrors,
          hell_entry, gammafunk_ghost_smash, minmay_misc_feat_x, fedhas_altar_1
Depths:4: lemuel_castle_with_subvaults [lemuel_castle_interior_original],
          layout_gridlike, enter_ziggurat_b, ebering_ghost_gozag,
          elyvilon_altar_5, hellmouth_1, minmay_shop_grove

Skill      XL: |  1  2  3  4  5  6  7  8  9 10 11 12 13 14 15 16 17 18 19 20 21 22 23 |
---------------+----------------------------------------------------------------------+-----
Axes           | 2 3 4 5 6 7 8 9 10 11 13 14 15 16 | 16.0
Throwing       | 1 2 3 4 6 7 8 9 10 11 12 13 | 13.0
Dodging        | 1 2 3 4 |  4.2
Fighting       | 4 5 7 8 9 10 11 12 14 16 17 19 21 22 | 22.9
Invocations    | 3 4 6 9 10 | 10.0
Armour         | 4 7 10 11 12 14 15 17 18 19 21 | 21.0
Shields        | 4 5 6 7 13 17 18 19 20 21 | 21.6

Action                     |  1- 3 |  4- 6 |  7- 9 | 10-12 | 13-15 | 16-18 | 19-21 | 22-24 || total
---------------------------+-------+-------+-------+-------+-------+-------+-------+-------++-------
  Melee: War axe           |   141 |    99 |   211 |   256 |   600 |   807 |   897 |   448 ||  3459
         Demon whip        |       |       |       |    17 |    39 |       |       |       ||    56
  Throw: Javelin           |    15 |    50 |    68 |    68 |   153 |   153 |   205 |    69 ||   781
         Boomerang         |       |    19 |    18 |    43 |    91 |    38 |    12 |    12 ||   233
 Invoke: Heroism           |       |       |    12 |    14 |    25 |    40 |    15 |    14 ||   120
         Finesse           |       |       |       |     2 |     7 |     3 |     5 |     8 ||    25
    Use: Scroll            |     4 |     9 |    11 |     1 |     9 |     8 |     4 |     2 ||    48
         Potion            |       |     1 |     3 |     1 |     2 |     6 |       |     1 ||    14
   Stab: Distracted        |       |       |     1 |     5 |    14 |    21 |    17 |     8 ||    66
 Armour: Scale mail        |    79 |    48 |    21 |       |       |       |       |       ||   148
         Chain mail        |       |       |    84 |   105 |    22 |       |       |       ||   211
         Plate armour      |       |       |       |       |   283 |   268 |   319 |   191 ||  1061
  Dodge: Dodged            |    65 |    64 |    63 |   102 |   171 |   149 |   170 |   101 ||   885
  Block: Buckler           |    25 |    19 |    23 |    57 |    83 |       |       |       ||   207
         Tower shield      |       |       |       |       |    79 |   545 |   515 |   275 ||  1414

Table legend:
 A = Non-vault XP
 B = Vault XP
 C = Vault XP percentage of total XP
 D = Non-vault monster count
 E = Vault monster count
 F = Vault count percentage of total count
                 A         B        C        D         E       F
            +---------+---------+-------+---------+---------+-------
      Total |  465635 |  304992 |  39.6 |    1114 |     585 |  34.4
            +---------+---------+-------+---------+---------+-------
        D:1 |      51 |      12 |  19.0 |      29 |       6 |  17.1
        D:2 |      24 |       0 |   0.0 |      10 |       0 |   0.0
        D:3 |     103 |       0 |   0.0 |      23 |       0 |   0.0
        D:4 |     191 |      47 |  19.7 |      17 |       7 |  29.2
        D:5 |     779 |     284 |  26.7 |      24 |       5 |  17.2
        D:6 |     496 |     733 |  59.6 |      11 |      23 |  67.6
        D:7 |    1231 |    3592 |  74.5 |      25 |      13 |  34.2
        D:8 |    1543 |    1238 |  44.5 |      12 |      11 |  47.8
        D:9 |    2560 |    2133 |  45.5 |      30 |       4 |  11.8
       D:10 |    1493 |    5164 |  77.6 |      18 |      21 |  53.8
       D:11 |    1759 |       0 |   0.0 |      13 |       0 |   0.0
       D:12 |    6032 |    1571 |  20.7 |      16 |       2 |  11.1
       D:13 |    4729 |    2003 |  29.8 |      12 |       8 |  40.0
       D:14 |    7335 |    7754 |  51.4 |      13 |      23 |  63.9
       D:15 |    7202 |   12595 |  63.6 |      13 |      22 |  62.9
     Lair:1 |    8667 |    1153 |  11.7 |      44 |       2 |   4.3
     Lair:2 |    5921 |    7432 |  55.7 |      26 |      22 |  45.8
     Lair:3 |    2312 |    1370 |  37.2 |      10 |       2 |  16.7
     Lair:4 |    5048 |     516 |   9.3 |      17 |       3 |  15.0
     Lair:5 |   15467 |    6811 |  30.6 |      38 |      17 |  30.9
    Swamp:1 |   16219 |       0 |   0.0 |      42 |       0 |   0.0
    Swamp:2 |   20686 |    4384 |  17.5 |      45 |       7 |  13.5
    Swamp:3 |    9906 |    2774 |  21.9 |      19 |       4 |  17.4
    Swamp:4 |   19143 |   20194 |  51.3 |      40 |      31 |  43.7
    Snake:1 |    7918 |    3032 |  27.7 |      15 |       2 |  11.8
    Snake:2 |   14189 |   16352 |  53.5 |      25 |      29 |  53.7
    Snake:3 |   31170 |    1749 |   5.3 |      64 |       1 |   1.5
    Snake:4 |   29036 |   32691 |  53.0 |      58 |      54 |  48.2
      Orc:1 |    2245 |       6 |   0.3 |      34 |       3 |   8.1
      Orc:2 |    2013 |   20811 |  91.2 |      39 |      40 |  50.6
   Vaults:1 |   36862 |    4646 |  11.2 |      54 |       6 |  10.0
   Vaults:2 |   18356 |   23697 |  56.4 |      28 |      25 |  47.2
   Vaults:3 |   23082 |   15524 |  40.2 |      32 |      23 |  41.8
   Vaults:4 |   24718 |   16921 |  40.6 |      39 |      27 |  40.9
   Depths:1 |   30406 |       0 |   0.0 |      41 |       0 |   0.0
   Depths:2 |   33465 |   36605 |  52.2 |      46 |      44 |  48.9
   Depths:3 |   24601 |    8111 |  24.8 |      30 |      19 |  38.8
   Depths:4 |   33784 |   33935 |  50.1 |      37 |      23 |  38.3
    Abyss:2 |   14893 |       0 |   0.0 |      25 |       0 |   0.0
    Ossuary |       0 |     369 | 100.0 |       0 |      37 | 100.0
   Gauntlet |       0 |    8783 | 100.0 |       0 |      19 | 100.0
            +---------+---------+-------+---------+---------+-------
